Workbook
Name \0: #REF!
Name \0: #REF!
Name \0: #REF!
Name \a: #REF!
Name \a: #REF!
Name \a: #REF!
Name BDI: 1.43344312465585
Name BuiltIn_Print_Area___0: #REF!
Name BuiltIn_Print_Area___0: #REF!
Name BuiltIn_Print_Area___0: #REF!
Name BuiltIn_Print_Titles___0: #REF!
Name BuiltIn_Print_Titles___0: #REF!
Name BuiltIn_Print_Titles___0: #REF!
Name DOCAS: #REF!
Name DOCAS: #REF!
Name ESTACIONAMENTO: #REF!
Name ESTACIONAMENTO: #REF!
Name LS: [4]M.O.!#REF!
Name LS: [4]M.O.!#REF!
Name LS: [4]M.O.!#REF!
Name PONTE: #REF!
Name PONTE: #REF!
Name PONTE: #REF!
Name tabela_FDE: #REF!
Name tabela_FDE: #REF!
Name tabela_FDE: #REF!
Name tabelas_oficiais: #REF!
Name tabelas_oficiais: #REF!
Name tabelas_oficiais: #REF!

Sheet Planilha Estruturas
D1: PREFEITURA MUNICIPAL DE SÃO JOSÉ DO RIO PRETO - SECRETARIA MUNICIPAL DE OBRAS
A2: PLANILHA DE ORÇAMENTO SINTÉTICO
A3: LOCAL: | B3: Rua Rineu Pupim esquina com a Rua Ernesto Alves, bairro Jardim Felicidade, São José do Rio Preto - SP | I3: Prazo execução: | J3: 4 meses
A4: OBJETO: | B4: EMPREITADA DE MÃO DE OBRA E MATERIAIS PARA CONTINUAÇÃO DA OBRA DE CONSTRUÇÃO DE GALPÃO EM CONCRETO PRÉ-MOLDADO PARA OPERAÇÃO DE PACKING HOUSE NO MUNICÍPIO DE SÃO JOSÉ DO RIO PRETO. | I4: Data da proposta
A5: TABELA: | B5: CONSTRUÇÃO DAS ESTRUTURAS PRÉ-FABRICADAS, PISOS, COBERTURAS E FECHAMENTOS DO EDIFÍCIO PACKING HOUSE | I5: BDI 1 | J5: ='BDI padrão'!D22 -> 0.2204
I6: BDI 2 | J6: ='BDI padrão'!D105 -> 0.1303
A8: ITEM | B8: REFERÊNCIA | D8: SERVIÇO | E8: U N | F8: QUANT. | G8: PREÇO UNITÁRIO - R$ | J8: PREÇO TOTAL - R$
B9: FONTE | C9: ITEM | G9: MAT+MDO | H9: BDI | I9: Preço Unitário com BDI | J9: TOTAL GERAL
A10: 2. | D10: Construção de Packing House (2ª Licitação) | H10: =IF(G10>0,ROUND(G10*$J$6,2),"") | I10: =IF(G10>0,ROUND(G10*(1+VLOOKUP(H10,$I$5:$J$6,2,FALSE)),2),"")
A11: 2.1. | D11: FUNDAÇÕES | H11: =IF(G11>0,ROUND(G11*$J$6,2),"") | I11: =IF(G11>0,ROUND(G11*(1+VLOOKUP(H11,$I$5:$J$6,2,FALSE)),2),"") | J11: =SUM(J12:J16)/2 -> #VALUE!
A12: 2.1.1. | D12: FUNDAÇÃO PROFUNDA | H12: =IF(G12>0,ROUND(G12*$J$6,2),"") | I12: =IF(G12>0,ROUND(G12*(1+VLOOKUP(H12,$I$5:$J$6,2,FALSE)),2),"") | J12: =SUM(J13) -> #VALUE!
A13: 2.1.1.1. | B13: SINAPI | C13: 97918 | D13: TRANSPORTE COM CAMINHÃO BASCULANTE DE 6 M³, EM VIA URBANA PAVIMENTADA, DMT ATÉ 30 KM (UNIDADE: TXKM). AF_02/2026 | E13: TXKM | F13: 271.43 | H13: BDI 1 | I13: =IF(G13>0,ROUND(G13*(1+VLOOKUP(H13,$I$5:$J$6,2,FALSE)),2),"") | J13: =ROUND(I13*F13,2) -> #VALUE!
A14: 2.1.2. | D14: BLOCOS DE FUNDAÇÂO | I14: =IF(G14>0,ROUND(G14*(1+VLOOKUP(H14,$I$5:$J$6,2,FALSE)),2),"") | J14: =SUM(J15:J16) -> #VALUE!
A15: 2.1.2.1. | B15: SINAPI | C15: 93367 | D15: REATERRO MECANIZADO DE VALA COM ESCAVADEIRA HIDRÁULICA (CAPACIDADE DA CAÇAMBA: 0,8 M³/POTÊNCIA: 111 HP), LARGURA DE 1,5 A 2,5 M, PROFUNDIDADE ATÉ 1,5 M, COM SOLO (SEM SUBSTITUIÇÃO) DE 1ª CATEGORIA, COM COMPACTADOR DE SOLOS DE PERCUSSÃO. AF_08/2023 | E15: M3 | F15: 5.51 | H15: BDI 1 | I15: =IF(G15>0,ROUND(G15*(1+VLOOKUP(H15,$I$5:$J$6,2,FALSE)),2),"") | J15: =ROUND(I15*F15,2) -> #VALUE!
A16: 2.1.2.2. | B16: SINAPI | C16: 97918 | D16: TRANSPORTE COM CAMINHÃO BASCULANTE DE 6 M³, EM VIA URBANA PAVIMENTADA, DMT ATÉ 30 KM (UNIDADE: TXKM). AF_02/2026 | E16: TXKM | F16: 171.72 | H16: BDI 1 | I16: =IF(G16>0,ROUND(G16*(1+VLOOKUP(H16,$I$5:$J$6,2,FALSE)),2),"") | J16: =ROUND(I16*F16,2) -> #VALUE!
A17: 2.2. | D17: ESTRUTURA | I17: =IF(G17>0,ROUND(G17*(1+VLOOKUP(H17,$I$5:$J$6,2,FALSE)),2),"") | J17: =SUM(J18:J19)/2 -> #VALUE!
A18: 2.2.1. | D18: ESTRUTURA PRÉ-FABRICADA (Pilares, Vigas e Paineis) | I18: =IF(G18>0,ROUND(G18*(1+VLOOKUP(H18,$I$5:$J$6,2,FALSE)),2),"") | J18: =SUM(J19) -> #VALUE!
A19: 2.2.1.1. | B19: CDHU | C19: 15.05.290 | D19: Placas, vigas e pilares em concreto armado pré-moldado - fck= 40 MPa | E19: M3 | F19: 96.91 | H19: BDI 2 | I19: =IF(G19>0,ROUND(G19*(1+VLOOKUP(H19,$I$5:$J$6,2,FALSE)),2),"") | J19: =ROUND(I19*F19,2) -> #VALUE!
A20: 2.3. | D20: COBERTURA | I20: =IF(G20>0,ROUND(G20*(1+VLOOKUP(H20,$I$5:$J$6,2,FALSE)),2),"") | J20: =SUM(J21:J24)/2 -> #VALUE!
A21: 2.3.1. | D21: TELHAS METÁLICAS | I21: =IF(G21>0,ROUND(G21*(1+VLOOKUP(H21,$I$5:$J$6,2,FALSE)),2),"") | J21: =SUM(J22:J24) -> #VALUE!
A22: 2.3.1.1. | B22: SINAPI | C22: 94216 | D22: TELHAMENTO COM TELHA METÁLICA TERMOACÚSTICA E = 30 MM, COM ATÉ 2 ÁGUAS, INCLUSO IÇAMENTO. AF_07/2019 | E22: M2 | F22: 480.76 | H22: BDI 1 | I22: =IF(G22>0,ROUND(G22*(1+VLOOKUP(H22,$I$5:$J$6,2,FALSE)),2),"") | J22: =ROUND(I22*F22,2) -> #VALUE!
A23: 2.3.1.2. | B23: SINAPI | C23: 94231 | D23: RUFO EM CHAPA DE AÇO GALVANIZADO NÚMERO 24, CORTE DE 25 CM, INCLUSO TRANSPORTE VERTICAL. AF_07/2019 | E23: M | F23: 105.6 | H23: BDI 1 | I23: =IF(G23>0,ROUND(G23*(1+VLOOKUP(H23,$I$5:$J$6,2,FALSE)),2),"") | J23: =ROUND(I23*F23,2) -> #VALUE!
A24: 2.3.1.3. | B24: SINAPI | C24: 101979 | D24: CHAPIM (RUFO CAPA) EM AÇO GALVANIZADO, CORTE 33. AF_11/2020 | E24: M | F24: 105.6 | H24: BDI 1 | I24: =IF(G24>0,ROUND(G24*(1+VLOOKUP(H24,$I$5:$J$6,2,FALSE)),2),"") | J24: =ROUND(I24*F24,2) -> #VALUE!
A25: 2.4. | D25: PISO DE CONCRETO | I25: =IF(G25>0,ROUND(G25*(1+VLOOKUP(H25,$I$5:$J$6,2,FALSE)),2),"") | J25: =SUM(J26:J33)/2 -> #VALUE!
A26: 2.4.1. | D26: PISO INTERNO | I26: =IF(G26>0,ROUND(G26*(1+VLOOKUP(H26,$I$5:$J$6,2,FALSE)),2),"") | J26: =SUM(J27:J29) -> #VALUE!
A27: 2.4.1.1. | B27: SINAPI | C27: 100576 | D27: REGULARIZAÇÃO E COMPACTAÇÃO DE SUBLEITO DE SOLO PREDOMINANTEMENTE ARGILOSO, PARA OBRAS DE CONSTRUÇÃO DE PAVIMENTOS. AF_09/2024 | E27: M2 | F27: 511.56 | H27: BDI 1 | I27: =IF(G27>0,ROUND(G27*(1+VLOOKUP(H27,$I$5:$J$6,2,FALSE)),2),"") | J27: =ROUND(I27*F27,2) -> #VALUE!
A28: 2.4.1.2. | B28: SINAPI | C28: 96622 | D28: LASTRO COM MATERIAL GRANULAR, APLICADO EM PISOS OU LAJES SOBRE SOLO, ESPESSURA DE *5 CM*. AF_01/2024 | E28: M3 | F28: 25.58 | H28: BDI 1 | I28: =IF(G28>0,ROUND(G28*(1+VLOOKUP(H28,$I$5:$J$6,2,FALSE)),2),"") | J28: =ROUND(I28*F28,2) -> #VALUE!
A29: 2.4.1.3. | B29: SINAPI | C29: 103913 | D29: EXECUÇÃO DE PISO INDUSTRIAL DE CONCRETO ARMADO, FCK = 20 MPA, ESPESSURA DE 12,0 CM. AF_04/2022 | E29: M2 | F29: 511.56 | H29: BDI 1 | I29: =IF(G29>0,ROUND(G29*(1+VLOOKUP(H29,$I$5:$J$6,2,FALSE)),2),"") | J29: =ROUND(I29*F29,2) -> #VALUE!
A30: 2.4.2. | D30: CALÇADA PERIMETRAL | I30: =IF(G30>0,ROUND(G30*(1+VLOOKUP(H30,$I$5:$J$6,2,FALSE)),2),"") | J30: =SUM(J31:J33) -> #VALUE!
A31: 2.4.2.1. | B31: SINAPI | C31: 100576 | D31: REGULARIZAÇÃO E COMPACTAÇÃO DE SUBLEITO DE SOLO PREDOMINANTEMENTE ARGILOSO, PARA OBRAS DE CONSTRUÇÃO DE PAVIMENTOS. AF_09/2024 | E31: M2 | F31: 210.84 | H31: BDI 1 | I31: =IF(G31>0,ROUND(G31*(1+VLOOKUP(H31,$I$5:$J$6,2,FALSE)),2),"") | J31: =ROUND(I31*F31,2) -> #VALUE!
A32: 2.4.2.2. | B32: SINAPI | C32: 96622 | D32: LASTRO COM MATERIAL GRANULAR, APLICADO EM PISOS OU LAJES SOBRE SOLO, ESPESSURA DE *5 CM*. AF_01/2024 | E32: M3 | F32: 10.54 | H32: BDI 1 | I32: =IF(G32>0,ROUND(G32*(1+VLOOKUP(H32,$I$5:$J$6,2,FALSE)),2),"") | J32: =ROUND(I32*F32,2) -> #VALUE!
A33: 2.4.2.3. | B33: SINAPI | C33: 103913 | D33: EXECUÇÃO DE PISO INDUSTRIAL DE CONCRETO ARMADO, FCK = 20 MPA, ESPESSURA DE 12,0 CM. AF_04/2022 | E33: M2 | F33: 210.84 | H33: BDI 1 | I33: =IF(G33>0,ROUND(G33*(1+VLOOKUP(H33,$I$5:$J$6,2,FALSE)),2),"") | J33: =ROUND(I33*F33,2) -> #VALUE!
A34: 2.5. | D34: ESQUADRIAS | I34: =IF(G34>0,ROUND(G34*(1+VLOOKUP(H34,$I$5:$J$6,2,FALSE)),2),"") | J34: =SUM(J35:J39)/2 -> #VALUE!
A35: 2.5.1. | D35: METÁLICAS | I35: =IF(G35>0,ROUND(G35*(1+VLOOKUP(H35,$I$5:$J$6,2,FALSE)),2),"") | J35: =SUM(J36:J37) -> #VALUE!
A36: 2.5.1.1. | B36: Cotação | C36: VENEZ-MAT | D36: VENEZIANAS INDUSTRIAIS, PERFIL EM AÇO GALVANIZADO COM ALETAS EM PVC - 10,00 x 1,25M | E36: m2 | F36: 75 | H36: BDI 2 | I36: =IF(G36>0,ROUND(G36*(1+VLOOKUP(H36,$I$5:$J$6,2,FALSE)),2),"") | J36: =ROUND(I36*F36,2) -> #VALUE!
A37: 2.5.1.2. | B37: Composição | C37: VENEZ-MDO | D37: MÃO DE OBRA PARA INSTALAÇÃO DE VENEZIANAS | E37: MÊS | F37: 75 | H37: BDI 1 | I37: =IF(G37>0,ROUND(G37*(1+VLOOKUP(H37,$I$5:$J$6,2,FALSE)),2),"") | J37: =ROUND(I37*F37,2) -> #VALUE!
A38: 2.5.2. | D38: SERVIÇOS FINAIS | I38: =IF(G38>0,ROUND(G38*(1+VLOOKUP(H38,$I$5:$J$6,2,FALSE)),2),"") | J38: =SUM(J39) -> #VALUE!
A39: 2.5.2.1. | B39: Composição | C39: LIMP | D39: LIMPEZA MANUAL DE OBRA COM USO DE DETERGENTE | E39: m2 | F39: 511.56 | H39: BDI 1 | I39: =IF(G39>0,ROUND(G39*(1+VLOOKUP(H39,$I$5:$J$6,2,FALSE)),2),"") | J39: =ROUND(I39*F39,2) -> #VALUE!
D41: VALOR TOTAL GERAL | J41: =SUM(J11:J39)/3 -> #VALUE!

Sheet Planilha Instalações
D1: PREFEITURA MUNICIPAL DE SÃO JOSÉ DO RIO PRETO - SECRETARIA MUNICIPAL DE OBRAS
A2: PLANILHA DE ORÇAMENTO SINTÉTICO
A3: LOCAL: | B3: Rua Rineu Pupim esquina com a Rua Ernesto Alves, bairro Jardim Felicidade, São José do Rio Preto - SP | I3: Prazo execução: | J3: 4 meses
A4: OBJETO: | B4: EMPREITADA DE MÃO DE OBRA E MATERIAIS PARA CONTINUAÇÃO DA OBRA DE CONSTRUÇÃO DE GALPÃO EM CONCRETO PRÉ-MOLDADO PARA OPERAÇÃO DE PACKING HOUSE NO MUNICÍPIO DE SÃO JOSÉ DO RIO PRETO. | I4: Data da proposta
A5: TABELA: | B5: SERVIÇOS COMPLEMENTARES DE INSTALAÇÕES HIDRAULICAS E ELÉTRICAS PARA O EDIFÍCIO PACKINGHOUSE | I5: BDI 1 | J5: ='BDI padrão'!D22 -> 0.2204
I6: BDI 2 | J6: ='BDI padrão'!D105 -> 0.1303
A8: ITEM | B8: REFERÊNCIA | D8: SERVIÇO | E8: U N | F8: QUANT. | G8: PREÇO UNITÁRIO - R$ | J8: PREÇO TOTAL - R$
B9: FONTE | C9: ITEM | G9: MAT+MDO | H9: BDI | I9: Preço Unitário com BDI | J9: TOTAL GERAL
A10: 1. | D10: INSTALAÇÕES HIDRAULICAS | J10: =SUM(J11:J48)/2 -> #VALUE!
A11: 1.1. | D11: ENTRADA DE ÁGUA | J11: =SUM(J12:J13) -> #VALUE!
A12: 1.1.1. | B12: SINAPI | C12: 95636 | D12: KIT CAVALETE PARA MEDIÇÃO DE ÁGUA - ENTRADA PRINCIPAL, EM AÇO GALVANIZADO DN 25 MM (1") - FORNECIMENTO E INSTALAÇÃO (EXCLUSIVE HIDRÔMETRO). AF_03/2024 | E12: UN | F12: 1 | H12: BDI 1 | I12: =IF(G12>0,ROUND(G12*(1+VLOOKUP(H12,$I$5:$J$6,2,FALSE)),2),"") | J12: =ROUND(I12*F12,2) -> #VALUE!
A13: 1.1.2. | B13: SINAPI | C13: 86913 | D13: TORNEIRA CROMADA 1/2" OU 3/4" PARA TANQUE, PADRÃO POPULAR - FORNECIMENTO E INSTALAÇÃO. AF_02/2026 | E13: UN | F13: 1 | H13: BDI 1 | I13: =IF(G13>0,ROUND(G13*(1+VLOOKUP(H13,$I$5:$J$6,2,FALSE)),2),"") | J13: =ROUND(I13*F13,2) -> #VALUE!
A14: 1.2. | B14: SINAPI | D14: REDE DE ÁGUA FRIA | J14: =SUM(J15:J23) -> #VALUE!
A15: 1.2.1. | B15: SINAPI | C15: 89446 | D15: TUBO, PVC, SOLDÁVEL, DE 25MM, INSTALADO EM PRUMADA DE ÁGUA - FORNECIMENTO E INSTALAÇÃO. AF_06/2022 | E15: M | F15: 4 | H15: BDI 1 | I15: =IF(G15>0,ROUND(G15*(1+VLOOKUP(H15,$I$5:$J$6,2,FALSE)),2),"") | J15: =ROUND(I15*F15,2) -> #VALUE!
A16: 1.2.2. | B16: SINAPI | C16: 89448 | D16: TUBO, PVC, SOLDÁVEL, DE 40MM, INSTALADO EM PRUMADA DE ÁGUA - FORNECIMENTO E INSTALAÇÃO. AF_06/2022 | E16: M | F16: 76.71 | H16: BDI 1 | I16: =IF(G16>0,ROUND(G16*(1+VLOOKUP(H16,$I$5:$J$6,2,FALSE)),2),"") | J16: =ROUND(I16*F16,2) -> #VALUE!
A17: 1.2.3. | B17: SINAPI | C17: 89489 | D17: CURVA 90 GRAUS, PVC, SOLDÁVEL, DN 25MM, INSTALADO EM PRUMADA DE ÁGUA - FORNECIMENTO E INSTALAÇÃO. AF_06/2022 | E17: UN | F17: 8 | H17: BDI 1 | I17: =IF(G17>0,ROUND(G17*(1+VLOOKUP(H17,$I$5:$J$6,2,FALSE)),2),"") | J17: =ROUND(I17*F17,2) -> #VALUE!
A18: 1.2.4. | B18: SINAPI | C18: 89497 | D18: JOELHO 90 GRAUS, PVC, SOLDÁVEL, DN 40MM, INSTALADO EM PRUMADA DE ÁGUA - FORNECIMENTO E INSTALAÇÃO. AF_06/2022 | E18: UN | F18: 6 | H18: BDI 1 | I18: =IF(G18>0,ROUND(G18*(1+VLOOKUP(H18,$I$5:$J$6,2,FALSE)),2),"") | J18: =ROUND(I18*F18,2) -> #VALUE!
A19: 1.2.5. | B19: SINAPI | C19: 89426 | D19: LUVA DE REDUÇÃO, PVC, SOLDÁVEL, DN 32MM X 25MM, INSTALADO EM RAMAL DE DISTRIBUIÇÃO DE ÁGUA - FORNECIMENTO E INSTALAÇÃO. AF_06/2022 | E19: UN | F19: 8 | H19: BDI 1 | I19: =IF(G19>0,ROUND(G19*(1+VLOOKUP(H19,$I$5:$J$6,2,FALSE)),2),"") | J19: =ROUND(I19*F19,2) -> #VALUE!
A20: 1.2.6. | B20: SINAPI | C20: 89433 | D20: LUVA DE REDUÇÃO, PVC, SOLDÁVEL, DN 40MM X 32MM, INSTALADO EM RAMAL DE DISTRIBUIÇÃO DE ÁGUA - FORNECIMENTO E INSTALAÇÃO. AF_06/2022 | E20: UN | F20: 3 | H20: BDI 1 | I20: =IF(G20>0,ROUND(G20*(1+VLOOKUP(H20,$I$5:$J$6,2,FALSE)),2),"") | J20: =ROUND(I20*F20,2) -> #VALUE!
A21: 1.2.7. | B21: SINAPI | C21: 104011 | D21: TE, PVC, SOLDÁVEL, DN 40MM, INSTALADO EM RAMAL DE DISTRIBUIÇÃO DE ÁGUA - FORNECIMENTO E INSTALAÇÃO. AF_06/2022 | E21: UN | F21: 2 | H21: BDI 1 | I21: =IF(G21>0,ROUND(G21*(1+VLOOKUP(H21,$I$5:$J$6,2,FALSE)),2),"") | J21: =ROUND(I21*F21,2) -> #VALUE!
A22: 1.2.8. | B22: SINAPI | C22: 104012 | D22: TÊ DE REDUÇÃO, PVC, SOLDÁVEL, DN 40MM X 32MM, INSTALADO EM RAMAL DE DISTRIBUIÇÃO DE ÁGUA - FORNECIMENTO E INSTALAÇÃO. AF_06/2022 | E22: UN | F22: 5 | H22: BDI 1 | I22: =IF(G22>0,ROUND(G22*(1+VLOOKUP(H22,$I$5:$J$6,2,FALSE)),2),"") | J22: =ROUND(I22*F22,2) -> #VALUE!
A23: 1.2.9. | B23: SINAPI | C23: 89987 | D23: REGISTRO DE GAVETA BRUTO, LATÃO, ROSCÁVEL, 3/4", COM ACABAMENTO E CANOPLA CROMADOS - FORNECIMENTO E INSTALAÇÃO. AF_08/2021 | E23: UN | F23: 8 | H23: BDI 1 | I23: =IF(G23>0,ROUND(G23*(1+VLOOKUP(H23,$I$5:$J$6,2,FALSE)),2),"") | J23: =ROUND(I23*F23,2) -> #VALUE!
A24: 1.3. | B24: SINAPI | D24: REDE DE AGUA PARA EDIFÍCIO AUXILIAR | J24: =SUM(J25:J29) -> #VALUE!
A25: 1.3.1. | B25: SINAPI | C25: 89450 | D25: TUBO, PVC, SOLDÁVEL, DE 60MM, INSTALADO EM PRUMADA DE ÁGUA - FORNECIMENTO E INSTALAÇÃO. AF_06/2022 | E25: M | F25: 60 | H25: BDI 1 | I25: =IF(G25>0,ROUND(G25*(1+VLOOKUP(H25,$I$5:$J$6,2,FALSE)),2),"") | J25: =ROUND(I25*F25,2) -> #VALUE!
A26: 1.3.2. | B26: SINAPI | C26: 94680 | D26: JOELHO 90 GRAUS, PVC, SOLDÁVEL, DN 60 MM INSTALADO EM RESERVAÇÃO PREDIAL DE ÁGUA - FORNECIMENTO E INSTALAÇÃO. AF_04/2024 | E26: UN | F26: 8 | H26: BDI 1 | I26: =IF(G26>0,ROUND(G26*(1+VLOOKUP(H26,$I$5:$J$6,2,FALSE)),2),"") | J26: =ROUND(I26*F26,2) -> #VALUE!
A27: 1.3.3. | B27: SINAPI | C27: 94696 | D27: TÊ, PVC, SOLDÁVEL, DN 60 MM INSTALADO EM RESERVAÇÃO PREDIAL DE ÁGUA - FORNECIMENTO E INSTALAÇÃO. AF_04/2024 | E27: UN | F27: 1 | H27: BDI 1 | I27: =IF(G27>0,ROUND(G27*(1+VLOOKUP(H27,$I$5:$J$6,2,FALSE)),2),"") | J27: =ROUND(I27*F27,2) -> #VALUE!
A28: 1.3.4. | B28: SINAPI | C28: 105144 | D28: LUVA DE REDUÇÃO SOLDÁVEL, PVC, DN 60 MM X 50 MM, INSTALADO EM RESERVAÇÃO PREDIAL DE ÁGUA - FORNECIMENTO E INSTALAÇÃO. AF_04/2024 | E28: UN | F28: 1 | H28: BDI 1 | I28: =IF(G28>0,ROUND(G28*(1+VLOOKUP(H28,$I$5:$J$6,2,FALSE)),2),"") | J28: =ROUND(I28*F28,2) -> #VALUE!
A29: 1.3.5. | B29: SINAPI | C29: 89987 | D29: REGISTRO DE GAVETA BRUTO, LATÃO, ROSCÁVEL, 3/4", COM ACABAMENTO E CANOPLA CROMADOS - FORNECIMENTO E INSTALAÇÃO. AF_08/2021 | E29: UN | F29: 2 | H29: BDI 1 | I29: =IF(G29>0,ROUND(G29*(1+VLOOKUP(H29,$I$5:$J$6,2,FALSE)),2),"") | J29: =ROUND(I29*F29,2) -> #VALUE!
A30: 1.4. | B30: SINAPI | D30: REDE DE ESGOTO | J30: =SUM(J31:J36) -> #VALUE!
A31: 1.4.1. | B31: SINAPI | C31: 97901 | D31: CAIXA ENTERRADA HIDRÁULICA RETANGULAR EM ALVENARIA COM TIJOLOS CERÂMICOS MACIÇOS, DIMENSÕES INTERNAS: 0,4X0,4X0,4 M PARA REDE DE ESGOTO. AF_12/2020 | E31: UN | F31: 5 | H31: BDI 1 | I31: =IF(G31>0,ROUND(G31*(1+VLOOKUP(H31,$I$5:$J$6,2,FALSE)),2),"") | J31: =ROUND(I31*F31,2) -> #VALUE!
A32: 1.4.2. | B32: SINAPI | C32: 97903 | D32: CAIXA ENTERRADA HIDRÁULICA RETANGULAR EM ALVENARIA COM TIJOLOS CERÂMICOS MACIÇOS, DIMENSÕES INTERNAS: 0,8X0,8X0,6 M PARA REDE DE ESGOTO. AF_12/2020 | E32: UN | F32: 1 | H32: BDI 1 | I32: =IF(G32>0,ROUND(G32*(1+VLOOKUP(H32,$I$5:$J$6,2,FALSE)),2),"") | J32: =ROUND(I32*F32,2) -> #VALUE!
A33: 1.4.3. | B33: SINAPI | C33: 89714 | D33: TUBO PVC, SERIE NORMAL, ESGOTO PREDIAL, DN 100 MM, FORNECIDO E INSTALADO EM RAMAL DE DESCARGA OU RAMAL DE ESGOTO SANITÁRIO. AF_08/2022 | E33: M | F33: 125 | H33: BDI 1 | I33: =IF(G33>0,ROUND(G33*(1+VLOOKUP(H33,$I$5:$J$6,2,FALSE)),2),"") | J33: =ROUND(I33*F33,2) -> #VALUE!
A34: 1.4.4. | B34: SINAPI | C34: 89569 | D34: JUNÇÃO SIMPLES, PVC, SERIE R, ÁGUA PLUVIAL, DN 100 X 75 MM, JUNTA ELÁSTICA, FORNECIDO E INSTALADO EM RAMAL DE ENCAMINHAMENTO. AF_06/2022 | E34: UN | F34: 4 | H34: BDI 1 | I34: =IF(G34>0,ROUND(G34*(1+VLOOKUP(H34,$I$5:$J$6,2,FALSE)),2),"") | J34: =ROUND(I34*F34,2) -> #VALUE!
A35: 1.4.5. | B35: SINAPI | C35: 89744 | D35: JOELHO 90 GRAUS, PVC, SERIE NORMAL, ESGOTO PREDIAL, DN 100 MM, JUNTA ELÁSTICA, FORNECIDO E INSTALADO EM RAMAL DE DESCARGA OU RAMAL DE ESGOTO SANITÁRIO. AF_08/2022 | E35: UN | F35: 7 | H35: BDI 1 | I35: =IF(G35>0,ROUND(G35*(1+VLOOKUP(H35,$I$5:$J$6,2,FALSE)),2),"") | J35: =ROUND(I35*F35,2) -> #VALUE!
A36: 1.4.6. | B36: SINAPI | C36: 104063 | D36: CURVA LONGA, 45 GRAUS, PVC OCRE, JUNTA ELÁSTICA, DN 100 MM, PARA COLETOR PREDIAL DE ESGOTO. AF_06/2022 | E36: UN | F36: 2 | H36: BDI 1 | I36: =IF(G36>0,ROUND(G36*(1+VLOOKUP(H36,$I$5:$J$6,2,FALSE)),2),"") | J36: =ROUND(I36*F36,2) -> #VALUE!
A37: 1.5. | B37: SINAPI | D37: REDE PLUVIAL | J37: =SUM(J38:J44) -> #VALUE!
A38: 1.5.1. | B38: SINAPI | C38: 97933 | D38: CAIXA COM GRELHA SIMPLES RETANGULAR, EM CONCRETO PRÉ-MOLDADO, DIMENSÕES INTERNAS: 0,6X1,0X1,0 M. AF_12/2020 | E38: UN | F38: 5 | H38: BDI 1 | I38: =IF(G38>0,ROUND(G38*(1+VLOOKUP(H38,$I$5:$J$6,2,FALSE)),2),"") | J38: =ROUND(I38*F38,2) -> #VALUE!
A39: 1.5.2. | B39: SINAPI | C39: 99257 | D39: CAIXA ENTERRADA HIDRÁULICA RETANGULAR EM ALVENARIA COM TIJOLOS CERÂMICOS MACIÇOS, DIMENSÕES INTERNAS: 1X1X0,6 M PARA REDE DE DRENAGEM. AF_12/2020 | E39: UN | F39: 1 | H39: BDI 1 | I39: =IF(G39>0,ROUND(G39*(1+VLOOKUP(H39,$I$5:$J$6,2,FALSE)),2),"") | J39: =ROUND(I39*F39,2) -> #VALUE!
A40: 1.5.3. | B40: SINAPI | C40: 106004 | D40: EXECUÇÃO DE CANALETA DE CONCRETO ARMADO MOLDADA IN LOCO, ESPESSURA DE 0,1 M, GEOMETRIA QUADRADA, COM DIMENSÕES INTERNAS: L=0,20 M; H=0,20 M. AF_05/2025 | E40: M | F40: 26 | H40: BDI 1 | I40: =IF(G40>0,ROUND(G40*(1+VLOOKUP(H40,$I$5:$J$6,2,FALSE)),2),"") | J40: =ROUND(I40*F40,2) -> #VALUE!
A41: 1.5.4. | B41: SINAPI | C41: 103002 | D41: GRELHA DE FERRO FUNDIDO SIMPLES COM REQUADRO, 200 X 1000 MM, ASSENTADA COM ARGAMASSA 1 : 3 CIMENTO: AREIA - FORNECIMENTO E INSTALAÇÃO. AF_05/2025 | E41: UN | F41: 26 | H41: BDI 1 | I41: =IF(G41>0,ROUND(G41*(1+VLOOKUP(H41,$I$5:$J$6,2,FALSE)),2),"") | J41: =ROUND(I41*F41,2) -> #VALUE!
A42: 1.5.5. | B42: SINAPI | C42: 89512 | D42: TUBO PVC, SÉRIE R, ÁGUA PLUVIAL, DN 100 MM, FORNECIDO E INSTALADO EM RAMAL DE ENCAMINHAMENTO. AF_06/2022 | E42: M | F42: 68 | H42: BDI 1 | I42: =IF(G42>0,ROUND(G42*(1+VLOOKUP(H42,$I$5:$J$6,2,FALSE)),2),"") | J42: =ROUND(I42*F42,2) -> #VALUE!
A43: 1.5.6. | B43: SINAPI | C43: 104166 | D43: TUBO PVC, SÉRIE R, ÁGUA PLUVIAL, DN 150 MM, FORNECIDO E INSTALADO EM RAMAL DE ENCAMINHAMENTO. AF_06/2022 | E43: M | F43: 188 | H43: BDI 1 | I43: =IF(G43>0,ROUND(G43*(1+VLOOKUP(H43,$I$5:$J$6,2,FALSE)),2),"") | J43: =ROUND(I43*F43,2) -> #VALUE!
A44: 1.5.7. | B44: SINAPI-I | C44: 11709 | D44: RALO FOFO SEMIESFERICO, 150 MM, PARA LAJES/ CALHAS | E44: UN | F44: 5 | H44: BDI 1 | I44: =IF(G44>0,ROUND(G44*(1+VLOOKUP(H44,$I$5:$J$6,2,FALSE)),2),"") | J44: =ROUND(I44*F44,2) -> #VALUE!
A45: 1.6. | B45: SINAPI | D45: SERVIÇOS COMPLEMENTARES | J45: =SUM(J46:J48) -> #VALUE!
A46: 1.6.1. | B46: SINAPI | C46: 90082 | D46: ESCAVAÇÃO MECANIZADA DE VALA COM PROF. ATÉ 1,5 M (MÉDIA MONTANTE E JUSANTE/UMA COMPOSIÇÃO POR TRECHO), ESCAVADEIRA (0,8 M3), LARG. DE 1,5 M A 2,5 M, EM SOLO DE 1A CATEGORIA, EM LOCAIS COM ALTO NÍVEL DE INTERFERÊNCIA. AF_09/2024 | E46: M3 | F46: 266.01 | H46: BDI 1 | I46: =IF(G46>0,ROUND(G46*(1+VLOOKUP(H46,$I$5:$J$6,2,FALSE)),2),"") | J46: =ROUND(I46*F46,2) -> #VALUE!
A47: 1.6.2. | B47: SINAPI | C47: 101616 | D47: PREPARO DE FUNDO DE VALA COM LARGURA MENOR QUE 1,5 M (ACERTO DO SOLO NATURAL), EM LOCAL COM NÍVEL BAIXO DE INTERFERÊNCIA. AF_01/2026 | E47: M2 | F47: 213.51 | H47: BDI 1 | I47: =IF(G47>0,ROUND(G47*(1+VLOOKUP(H47,$I$5:$J$6,2,FALSE)),2),"") | J47: =ROUND(I47*F47,2) -> #VALUE!
A48: 1.6.3. | B48: SINAPI | C48: 93367 | D48: REATERRO MECANIZADO DE VALA COM ESCAVADEIRA HIDRÁULICA (CAPACIDADE DA CAÇAMBA: 0,8 M³/POTÊNCIA: 111 HP), LARGURA DE 1,5 A 2,5 M, PROFUNDIDADE ATÉ 1,5 M, COM SOLO (SEM SUBSTITUIÇÃO) DE 1ª CATEGORIA, COM COMPACTADOR DE SOLOS DE PERCUSSÃO. AF_08/2023 | E48: M3 | F48: 266.01 | H48: BDI 1 | I48: =IF(G48>0,ROUND(G48*(1+VLOOKUP(H48,$I$5:$J$6,2,FALSE)),2),"") | J48: =ROUND(I48*F48,2) -> #VALUE!
A49: 2. | D49: INSTALAÇÕES ELÉTRICAS | J49: =SUM(J50:J82)/2 -> #VALUE!
A50: 2.1. | B50: SINAPI | D50: ENTRADA PADRÃO | J50: =SUM(J51:J59) -> #VALUE!
A51: 2.1.1. | B51: SINAPI | C51: 101508 | D51: ENTRADA DE ENERGIA ELÉTRICA, AÉREA, TRIFÁSICA, COM CAIXA DE SOBREPOR, CABO DE 35 MM2 E DISJUNTOR DIN 50A (NÃO INCLUSO O POSTE DE CONCRETO). AF_12/2025 | E51: UN | F51: 1 | H51: BDI 1 | I51: =IF(G51>0,ROUND(G51*(1+VLOOKUP(H51,$I$5:$J$6,2,FALSE)),2),"") | J51: =ROUND(I51*F51,2) -> #VALUE!
A52: 2.1.2. | B52: SINAPI-I | C52: 41203 | D52: POSTE DE CONCRETO ARMADO DE SECAO DUPLO T, EXTENSAO DE 11,00 M, RESISTENCIA DE 300 DAN, TIPO B | E52: UN | F52: 1 | H52: BDI 1 | I52: =IF(G52>0,ROUND(G52*(1+VLOOKUP(H52,$I$5:$J$6,2,FALSE)),2),"") | J52: =ROUND(I52*F52,2) -> #VALUE!
A53: 2.1.3. | B53: SINAPI | C53: 100584 | D53: ASSENTAMENTO DE POSTE DE CONCRETO COM COMPRIMENTO NOMINAL DE 11 M, CARGA NOMINAL MAIOR QUE 1000 DAN, ENGASTAMENTO SIMPLES COM 1,7 M DE SOLO (NÃO INCLUI FORNECIMENTO). AF_04/2025 | E53: UN | F53: 1 | H53: BDI 1 | I53: =IF(G53>0,ROUND(G53*(1+VLOOKUP(H53,$I$5:$J$6,2,FALSE)),2),"") | J53: =ROUND(I53*F53,2) -> #VALUE!
A54: 2.1.4. | B54: SINAPI | C54: 93008 | D54: ELETRODUTO RÍGIDO ROSCÁVEL, PVC, DN 50 MM (1 1/2"), PARA REDE ENTERRADA DE DISTRIBUIÇÃO DE ENERGIA ELÉTRICA - FORNECIMENTO E INSTALAÇÃO. AF_12/2021 | E54: M | F54: 12.14 | H54: BDI 1 | I54: =IF(G54>0,ROUND(G54*(1+VLOOKUP(H54,$I$5:$J$6,2,FALSE)),2),"") | J54: =ROUND(I54*F54,2) -> #VALUE!
A55: 2.1.5. | B55: SINAPI | C55: 96985 | D55: HASTE DE ATERRAMENTO, DIÂMETRO 5/8", COM 3 METROS - FORNECIMENTO E INSTALAÇÃO. AF_08/2023 | E55: UN | F55: 1 | H55: BDI 1 | I55: =IF(G55>0,ROUND(G55*(1+VLOOKUP(H55,$I$5:$J$6,2,FALSE)),2),"") | J55: =ROUND(I55*F55,2) -> #VALUE!
A56: 2.1.6. | B56: SINAPI | C56: 104752 | D56: CONECTOR SPLIT-BOLT, PARA SPDA, PARA CABOS ATÉ 35 MM2 - FORNECIMENTO E INSTALAÇÃO. AF_08/2023 | E56: UN | F56: 1 | H56: BDI 1 | I56: =IF(G56>0,ROUND(G56*(1+VLOOKUP(H56,$I$5:$J$6,2,FALSE)),2),"") | J56: =ROUND(I56*F56,2) -> #VALUE!
A57: 2.1.7. | B57: SINAPI | C57: 97881 | D57: CAIXA ENTERRADA ELÉTRICA RETANGULAR, EM CONCRETO PRÉ-MOLDADO, FUNDO COM BRITA, DIMENSÕES INTERNAS: 0,3X0,3X0,3 M. AF_12/2020 | E57: UN | F57: 1 | H57: BDI 1 | I57: =IF(G57>0,ROUND(G57*(1+VLOOKUP(H57,$I$5:$J$6,2,FALSE)),2),"") | J57: =ROUND(I57*F57,2) -> #VALUE!
A58: 2.1.8. | B58: SINAPI | C58: 92984 | D58: CABO DE COBRE FLEXÍVEL ISOLADO, 25 MM², ANTI-CHAMA 0,6/1,0 KV, PARA REDE ENTERRADA DE DISTRIBUIÇÃO DE ENERGIA ELÉTRICA - FORNECIMENTO E INSTALAÇÃO. AF_12/2021 | E58: M | F58: 7.5 | H58: BDI 1 | I58: =IF(G58>0,ROUND(G58*(1+VLOOKUP(H58,$I$5:$J$6,2,FALSE)),2),"") | J58: =ROUND(I58*F58,2) -> #VALUE!
A59: 2.1.9. | B59: SINAPI | C59: 92986 | D59: CABO DE COBRE FLEXÍVEL ISOLADO, 35 MM², ANTI-CHAMA 0,6/1,0 KV, PARA REDE ENTERRADA DE DISTRIBUIÇÃO DE ENERGIA ELÉTRICA - FORNECIMENTO E INSTALAÇÃO. AF_12/2021 | E59: M | F59: 35 | H59: BDI 1 | I59: =IF(G59>0,ROUND(G59*(1+VLOOKUP(H59,$I$5:$J$6,2,FALSE)),2),"") | J59: =ROUND(I59*F59,2) -> #VALUE!
A60: 2.2. | B60: SINAPI | D60: TUBULAÇÕES | J60: =SUM(J61:J65) -> #VALUE!
A61: 2.2.1. | B61: SINAPI | C61: 95778 | D61: CONDULETE DE ALUMÍNIO, TIPO C, PARA ELETRODUTO DE AÇO GALVANIZADO DN 20 MM (3/4''), APARENTE - FORNECIMENTO E INSTALAÇÃO. AF_01/2026 | E61: UN | F61: 47 | H61: BDI 1 | I61: =IF(G61>0,ROUND(G61*(1+VLOOKUP(H61,$I$5:$J$6,2,FALSE)),2),"") | J61: =ROUND(I61*F61,2) -> #VALUE!
A62: 2.2.2. | B62: SINAPI-I | C62: 39254 | D62: ELETRODUTO/CONDULETE DE PVC RIGIDO, LISO, COR CINZA, DE 1/2", PARA INSTALACOES APARENTES (NBR 5410) | E62: M | F62: 2.28 | H62: BDI 1 | I62: =IF(G62>0,ROUND(G62*(1+VLOOKUP(H62,$I$5:$J$6,2,FALSE)),2),"") | J62: =ROUND(I62*F62,2) -> #VALUE!
A63: 2.2.3. | B63: SINAPI-I | C63: 39253 | D63: ELETRODUTO/CONDULETE DE PVC RIGIDO, LISO, COR CINZA, DE 3/4", PARA INSTALACOES APARENTES (NBR 5410) | E63: M | F63: 186.07 | H63: BDI 1 | I63: =IF(G63>0,ROUND(G63*(1+VLOOKUP(H63,$I$5:$J$6,2,FALSE)),2),"") | J63: =ROUND(I63*F63,2) -> #VALUE!
A64: 2.2.4. | B64: SINAPI | C64: 91881 | D64: LUVA PARA ELETRODUTO, PVC, ROSCÁVEL, DN 40 MM (1 1/4"), PARA CIRCUITOS TERMINAIS, INSTALADA EM LAJE - FORNECIMENTO E INSTALAÇÃO. AF_03/2023 | E64: UN | F64: 2 | H64: BDI 1 | I64: =IF(G64>0,ROUND(G64*(1+VLOOKUP(H64,$I$5:$J$6,2,FALSE)),2),"") | J64: =ROUND(I64*F64,2) -> #VALUE!
A65: 2.2.5. | B65: SINAPI | C65: 91898 | D65: CURVA 180 GRAUS PARA ELETRODUTO, PVC, ROSCÁVEL, DN 40 MM (1 1/4"), PARA CIRCUITOS TERMINAIS, INSTALADA EM FORRO - FORNECIMENTO E INSTALAÇÃO. AF_03/2023 | E65: UN | F65: 1 | H65: BDI 1 | I65: =IF(G65>0,ROUND(G65*(1+VLOOKUP(H65,$I$5:$J$6,2,FALSE)),2),"") | J65: =ROUND(I65*F65,2) -> #VALUE!
A66: 2.3. | B66: SINAPI | D66: FIAÇÃO | J66: =SUM(J67:J68) -> #VALUE!
A67: 2.3.1. | B67: SINAPI | C67: 91925 | D67: CABO DE COBRE FLEXÍVEL ISOLADO, 1,5 MM², ANTI-CHAMA 0,6/1,0 KV, PARA CIRCUITOS TERMINAIS - FORNECIMENTO E INSTALAÇÃO. AF_03/2023 | E67: M | F67: 781.78 | H67: BDI 1 | I67: =IF(G67>0,ROUND(G67*(1+VLOOKUP(H67,$I$5:$J$6,2,FALSE)),2),"") | J67: =ROUND(I67*F67,2) -> #VALUE!
A68: 2.3.2. | B68: SINAPI | C68: 91926 | D68: CABO DE COBRE FLEXÍVEL ISOLADO, 2,5 MM², ANTI-CHAMA 450/750 V, PARA CIRCUITOS TERMINAIS - FORNECIMENTO E INSTALAÇÃO. AF_03/2023 | E68: M | F68: 874.56 | H68: BDI 1 | I68: =IF(G68>0,ROUND(G68*(1+VLOOKUP(H68,$I$5:$J$6,2,FALSE)),2),"") | J68: =ROUND(I68*F68,2) -> #VALUE!
A69: 2.4. | B69: SINAPI | D69: QUADROS e DISJUNTORES | J69: =SUM(J70:J74) -> #VALUE!
A70: 2.4.1. | B70: SINAPI | C70: 101878 | D70: QUADRO DE DISTRIBUIÇÃO DE ENERGIA EM CHAPA DE AÇO GALVANIZADO, DE SOBREPOR, COM BARRAMENTO TRIFÁSICO, PARA 18 DISJUNTORES DIN 100A - FORNECIMENTO E INSTALAÇÃO. AF_07/2025 | E70: UN | F70: 1 | H70: BDI 1 | I70: =IF(G70>0,ROUND(G70*(1+VLOOKUP(H70,$I$5:$J$6,2,FALSE)),2),"") | J70: =ROUND(I70*F70,2) -> #VALUE!
A71: 2.4.2. | B71: SINAPI | C71: 101894 | D71: DISJUNTOR TRIPOLAR TIPO NEMA, CORRENTE NOMINAL DE 60 ATÉ 100A - FORNECIMENTO E INSTALAÇÃO. AF_07/2025 | E71: UN | F71: 1 | H71: BDI 1 | I71: =IF(G71>0,ROUND(G71*(1+VLOOKUP(H71,$I$5:$J$6,2,FALSE)),2),"") | J71: =ROUND(I71*F71,2) -> #VALUE!
A72: 2.4.3. | B72: SINAPI-I | C72: 39465 | D72: DISPOSITIVO DPS CLASSE II, 1 POLO, TENSAO MAXIMA DE 175 V, CORRENTE MAXIMA DE *20* KA (TIPO AC) | E72: UN | F72: 1 | H72: BDI 1 | I72: =IF(G72>0,ROUND(G72*(1+VLOOKUP(H72,$I$5:$J$6,2,FALSE)),2),"") | J72: =ROUND(I72*F72,2) -> #VALUE!
A73: 2.4.4. | B73: SINAPI-I | C73: 39447 | D73: DISPOSITIVO DR, 2 POLOS, SENSIBILIDADE DE 30 MA, CORRENTE DE 63 A, TIPO AC | E73: UN | F73: 1 | H73: BDI 1 | I73: =IF(G73>0,ROUND(G73*(1+VLOOKUP(H73,$I$5:$J$6,2,FALSE)),2),"") | J73: =ROUND(I73*F73,2) -> #VALUE!
A74: 2.4.5. | B74: SINAPI | C74: 93661 | D74: DISJUNTOR BIPOLAR TIPO DIN, CORRENTE NOMINAL DE 16A - FORNECIMENTO E INSTALAÇÃO. AF_07/2025 | E74: UN | F74: 9 | H74: BDI 1 | I74: =IF(G74>0,ROUND(G74*(1+VLOOKUP(H74,$I$5:$J$6,2,FALSE)),2),"") | J74: =ROUND(I74*F74,2) -> #VALUE!
A75: 2.5. | B75: SINAPI | D75: TOMADAS | J75: =SUM(J76:J78) -> #VALUE!
A76: 2.5.1. | B76: SINAPI | C76: 91953 | D76: INTERRUPTOR SIMPLES (1 MÓDULO), 10A/250V, INCLUINDO SUPORTE E PLACA - FORNECIMENTO E INSTALAÇÃO. AF_03/2023 | E76: UN | F76: 6 | H76: BDI 1 | I76: =IF(G76>0,ROUND(G76*(1+VLOOKUP(H76,$I$5:$J$6,2,FALSE)),2),"") | J76: =ROUND(I76*F76,2) -> #VALUE!
A77: 2.5.2. | B77: SINAPI | C77: 91992 | D77: TOMADA ALTA DE EMBUTIR (1 MÓDULO), 2P+T 10 A, INCLUINDO SUPORTE E PLACA - FORNECIMENTO E INSTALAÇÃO. AF_03/2023 | E77: UN | F77: 16 | H77: BDI 1 | I77: =IF(G77>0,ROUND(G77*(1+VLOOKUP(H77,$I$5:$J$6,2,FALSE)),2),"") | J77: =ROUND(I77*F77,2) -> #VALUE!
A78: 2.5.3. | B78: SINAPI | C78: 91993 | D78: TOMADA ALTA DE EMBUTIR (1 MÓDULO), 2P+T 20 A, INCLUINDO SUPORTE E PLACA - FORNECIMENTO E INSTALAÇÃO. AF_03/2023 | E78: UN | F78: 16 | H78: BDI 1 | I78: =IF(G78>0,ROUND(G78*(1+VLOOKUP(H78,$I$5:$J$6,2,FALSE)),2),"") | J78: =ROUND(I78*F78,2) -> #VALUE!
A79: 2.6. | B79: SINAPI | D79: LUMINÁRIAS | J79: =SUM(J80:J82) -> #VALUE!
A80: 2.6.1. | B80: SINAPI | C80: 101659 | D80: LUMINÁRIA DE LED PARA ILUMINAÇÃO PÚBLICA, DE 181 W ATÉ 239 W - FORNECIMENTO E INSTALAÇÃO. AF_02/2025_PS | E80: UN | F80: 21 | H80: BDI 1 | I80: =IF(G80>0,ROUND(G80*(1+VLOOKUP(H80,$I$5:$J$6,2,FALSE)),2),"") | J80: =ROUND(I80*F80,2) -> #VALUE!
A81: 2.6.2. | B81: SINAPI | C81: 101658 | D81: LUMINÁRIA DE LED PARA ILUMINAÇÃO PÚBLICA, DE 138 W ATÉ 180 W - FORNECIMENTO E INSTALAÇÃO. AF_02/2025_PS | E81: UN | F81: 12 | H81: BDI 1 | I81: =IF(G81>0,ROUND(G81*(1+VLOOKUP(H81,$I$5:$J$6,2,FALSE)),2),"") | J81: =ROUND(I81*F81,2) -> #VALUE!
A82: 2.6.3. | B82: SINAPI | C82: 97599 | D82: LUMINÁRIA DE EMERGÊNCIA, COM 30 LÂMPADAS LED DE 2 W, SEM REATOR - FORNECIMENTO E INSTALAÇÃO. AF_09/2024 | E82: UN | F82: 2 | H82: BDI 1 | I82: =IF(G82>0,ROUND(G82*(1+VLOOKUP(H82,$I$5:$J$6,2,FALSE)),2),"") | J82: =ROUND(I82*F82,2) -> #VALUE!
A83: 3. | D83: BOMBEIROS | J83: =SUM(J84:J87)/2 -> #VALUE!
A84: 3.1. | B84: SINAPI | D84: REDE DE EXTINTORES | J84: =SUM(J85:J87) -> #VALUE!
A85: 3.1.1. | B85: SINAPI | C85: 101905 | D85: EXTINTOR DE INCÊNDIO PORTÁTIL COM CARGA DE ÁGUA PRESSURIZADA DE 10 L, CLASSE A - FORNECIMENTO E INSTALAÇÃO. AF_01/2026_PE | E85: UN | F85: 2 | H85: BDI 1 | I85: =IF(G85>0,ROUND(G85*(1+VLOOKUP(H85,$I$5:$J$6,2,FALSE)),2),"") | J85: =ROUND(I85*F85,2) -> #VALUE!
A86: 3.1.2. | B86: SINAPI | C86: 101907 | D86: EXTINTOR DE INCÊNDIO PORTÁTIL COM CARGA DE CO2 DE 6 KG, CLASSE BC - FORNECIMENTO E INSTALAÇÃO. AF_01/2026_PE | E86: UN | F86: 2 | H86: BDI 1 | I86: =IF(G86>0,ROUND(G86*(1+VLOOKUP(H86,$I$5:$J$6,2,FALSE)),2),"") | J86: =ROUND(I86*F86,2) -> #VALUE!
A87: 3.1.3. | B87: SINAPI | C87: 101908 | D87: EXTINTOR DE INCÊNDIO PORTÁTIL COM CARGA DE PQS DE 4 KG, CLASSE BC - FORNECIMENTO E INSTALAÇÃO. AF_01/2026_PE | E87: UN | F87: 2 | H87: BDI 1 | I87: =IF(G87>0,ROUND(G87*(1+VLOOKUP(H87,$I$5:$J$6,2,FALSE)),2),"") | J87: =ROUND(I87*F87,2) -> #VALUE!
A88: 4. | D88: CANTEIRO DE OBRAS E SERVIÇOS COMPLEMENTARES | J88: =SUM(J89:J96)/2 -> #VALUE!
A89: 4.1. | B89: SINAPI | D89: CANTEIRO | J89: =SUM(J90:J96) -> #VALUE!
A90: 4.1.1. | B90: SINAPI | C90: 103689 | D90: FORNECIMENTO E INSTALAÇÃO DE PLACA DE OBRA COM CHAPA GALVANIZADA E ESTRUTURA DE MADEIRA. AF_03/2022_PS | E90: M2 | F90: 6.48 | H90: BDI 1 | I90: =IF(G90>0,ROUND(G90*(1+VLOOKUP(H90,$I$5:$J$6,2,FALSE)),2),"") | J90: =ROUND(I90*F90,2) -> #VALUE!
A91: 4.1.2. | B91: CDHU | C91: 02.02.140 | D91: Locação de container tipo sanitário com 2 vasos sanitários, 2 lavatórios, 2 mictórios e 4 pontos para chuveiro - área mínima de 13,80 m² | E91: UNMES | F91: 4 | H91: BDI 1 | I91: =IF(G91>0,ROUND(G91*(1+VLOOKUP(H91,$I$5:$J$6,2,FALSE)),2),"") | J91: =ROUND(I91*F91,2) -> #VALUE!
A92: 4.1.3. | B92: CDHU | C92: 02.02.150 | D92: Locação de container tipo depósito - área mínima de 13,80 m² | E92: UNMES | F92: 4 | H92: BDI 1 | I92: =IF(G92>0,ROUND(G92*(1+VLOOKUP(H92,$I$5:$J$6,2,FALSE)),2),"") | J92: =ROUND(I92*F92,2) -> #VALUE!
A93: 4.1.4. | B93: CDHU | C93: 02.10.020 | D93: Locação de obra de edificação | E93: M2 | F93: 731 | H93: BDI 1 | I93: =IF(G93>0,ROUND(G93*(1+VLOOKUP(H93,$I$5:$J$6,2,FALSE)),2),"") | J93: =ROUND(I93*F93,2) -> #VALUE!
A94: 4.1.5. | B94: SINAPI | C94: 98524 | D94: LIMPEZA MANUAL DE VEGETAÇÃO EM TERRENO COM ENXADA. AF_03/2024 | E94: M2 | F94: 731 | H94: BDI 1 | I94: =IF(G94>0,ROUND(G94*(1+VLOOKUP(H94,$I$5:$J$6,2,FALSE)),2),"") | J94: =ROUND(I94*F94,2) -> #VALUE!
A95: 4.1.6. | B95: SINAPI | C95: 98525 | D95: LIMPEZA MECANIZADA DE CAMADA VEGETAL, VEGETAÇÃO E PEQUENAS ÁRVORES (DIÂMETRO DE TRONCO MENOR QUE 0,20 M), COM TRATOR DE ESTEIRAS. AF_03/2024 | E95: M2 | F95: 731 | H95: BDI 1 | I95: =IF(G95>0,ROUND(G95*(1+VLOOKUP(H95,$I$5:$J$6,2,FALSE)),2),"") | J95: =ROUND(I95*F95,2) -> #VALUE!
A96: 4.1.7. | B96: ORSE | C96: 12318 | D96: Ensaio - Integridade física em estaca - PIT | E96: UNID | F96: 24 | H96: BDI 1 | I96: =IF(G96>0,ROUND(G96*(1+VLOOKUP(H96,$I$5:$J$6,2,FALSE)),2),"") | J96: =ROUND(I96*F96,2) -> #VALUE!
D98: VALOR TOTAL GERAL | J98: =SUM(J10:J96)/3 -> #VALUE!

Sheet Cronograma
A1: PREFEITURA MUNICIPAL DE SÃO JOSÉ DO RIO PRETO SECRETARIA MUNICIPAL DE OBRAS | E1: CRONOGRAMA FÍSICO FINANCEIRO
E2: LOCAL: | F2: Bairro Jardim Felicidade, terreno compreendido entre a Rua Rineu Pupim, Rua Ernesto Alves e Avenida Narciso Anselmo - São José do Rio Preto / SP
E3: OBJETO: | F3: EMPREITADA DE MÃO DE OBRA E MATERIAIS PARA CONTINUAÇÃO DA OBRA DE CONSTRUÇÃO DE GALPÃO EM CONCRETO PRÉ-MOLDADO PARA OPERAÇÃO DE PACKING HOUSE NO MUNICÍPIO DE SÃO JOSÉ DO RIO PRETO.
E4: DATA: | F4: Julho de 2026
A5: ITEM | B5: SERVIÇO | C5: VALOR (R$) | D5: PESO % | E5: 1 | H5: 2 | K5: 3 | N5: 4 | Q5: 5 | T5: 6 | W5: 7 | Z5: 8
E6: R$ | F6: % | G6: %ACUM. | H6: R$ | I6: % | J6: %ACUM. | K6: R$ | L6: % | M6: %ACUM. | N6: R$ | O6: % | P6: %ACUM. | Q6: R$ | R6: % | S6: %ACUM. | T6: R$ | U6: % | V6: %ACUM. | W6: R$ | X6: % | Y6: %ACUM. | Z6: R$ | AA6: % | AB6: %ACUM.
A7: A | B7: CONSTRUÇÃO DAS ESTRUTURAS PRÉ-FABRICADAS, PISOS, COBERTURAS E FECHAMENTOS DO EDIFÍCIO PACKING HOUSE | C7: =SUM(C8:C20) -> #VALUE! | D7: =C7/$C$40 -> #VALUE!
A8: 2.1 | B8: FUNDAÇÕES | Q8: 0 | R8: 12.5 | S8: 62.5 | T8: 0 | U8: 12.5 | V8: 75 | W8: 0 | X8: 12.5 | Y8: 87.5 | Z8: 0 | AA8: 12.5 | AB8: 100 | AD8: #REF!
A9: 2.1.1. | B9: FUNDAÇÃO PROFUNDA | C9: ='Planilha Estruturas'!J12 -> #VALUE! | D9: =C9/$C$40 -> #VALUE! | E9: =F9/100*$C9 -> #VALUE! | F9: 100 | G9: =F9 -> 100 | H9: =I9/100*$C9 -> #VALUE! | I9: 0 | J9: =I9+G9 -> 100 | K9: =L9/100*$C9 -> #VALUE! | L9: 0 | M9: =L9+J9 -> 100 | N9: =O9/100*$C9 -> #VALUE! | O9: 0 | P9: =O9+M9 -> 100
A10: 2.1.2. | B10: BLOCOS DE FUNDAÇÂO | C10: ='Planilha Estruturas'!J14 -> #VALUE! | D10: =C10/$C$40 -> #VALUE! | E10: =F10/100*$C10 -> #VALUE! | F10: 100 | G10: =F10 -> 100 | H10: =I10/100*$C10 -> #VALUE! | I10: 0 | J10: =I10+G10 -> 100 | K10: =L10/100*$C10 -> #VALUE! | L10: 0 | M10: =L10+J10 -> 100 | N10: =O10/100*$C10 -> #VALUE! | O10: 0 | P10: =O10+M10 -> 100 | Q10: 0 | R10: 0 | S10: 100 | T10: 0 | U10: 0 | V10: 100 | W10: 0 | X10: 0 | Y10: 100 | Z10: 0 | AA10: 0 | AB10: 100 | AD10: #REF!
A11: 2.2. | B11: ESTRUTURA | Q11: 0 | R11: 0 | S11: 100 | T11: 0 | U11: 0 | V11: 100 | W11: 0 | X11: 0 | Y11: 100 | Z11: 0 | AA11: 0 | AB11: 100 | AD11: #REF!
A12: 2.2.1. | B12: ESTRUTURA PRÉ-FABRICADA (Pilares, Vigas e Paineis) | C12: ='Planilha Estruturas'!J18 -> #VALUE! | D12: =C12/$C$40 -> #VALUE! | E12: =F12/100*$C12 -> #VALUE! | F12: 25.8 | G12: =F12 -> 25.8 | H12: =I12/100*$C12 -> #VALUE! | I12: 25.8 | J12: =I12+G12 -> 51.6 | K12: =L12/100*$C12 -> #VALUE! | L12: 25.8 | M12: =L12+J12 -> 77.4 | N12: =O12/100*$C12 -> #VALUE! | O12: 22.6 | P12: =O12+M12 -> 100
A13: 2.3. | B13: COBERTURA | Q13: 0 | R13: 25 | S13: 50 | T13: 0 | U13: 25 | V13: 75 | W13: 0 | X13: 25 | Y13: 100 | Z13: 0 | AA13: 0 | AB13: 100 | AD13: #REF!
A14: 2.3.1. | B14: TELHAS METÁLICAS | C14: ='Planilha Estruturas'!J21 -> #VALUE! | D14: =C14/$C$40 -> #VALUE! | E14: =F14/100*$C14 -> #VALUE! | F14: 0 | G14: =F14 -> 0 | H14: =I14/100*$C14 -> #VALUE! | I14: 0 | J14: =I14+G14 -> 0 | K14: =L14/100*$C14 -> #VALUE! | L14: 91.18 | M14: =L14+J14 -> 91.18 | N14: =O14/100*$C14 -> #VALUE! | O14: 8.82 | P14: =O14+M14 -> 100 | Q14: 0 | R14: 25 | S14: 50 | T14: 0 | U14: 25 | V14: 75 | W14: 0 | X14: 25 | Y14: 100 | Z14: 0 | AA14: 0 | AB14: 100 | AD14: #REF!
A15: 2.4. | B15: PISO DE CONCRETO | Q15: 0 | R15: 25 | S15: 50 | T15: 0 | U15: 25 | V15: 75 | W15: 0 | X15: 25 | Y15: 100 | Z15: 0 | AA15: 0 | AB15: 100 | AD15: #REF!
A16: 2.4.1. | B16: PISO INTERNO | C16: ='Planilha Estruturas'!J26 -> #VALUE! | D16: =C16/$C$40 -> #VALUE! | E16: =F16/100*$C16 -> #VALUE! | F16: 0 | G16: =F16 -> 0 | H16: =I16/100*$C16 -> #VALUE! | I16: 0 | J16: =I16+G16 -> 0 | K16: =L16/100*$C16 -> #VALUE! | L16: 10.37 | M16: =L16+J16 -> 10.37 | N16: =O16/100*$C16 -> #VALUE! | O16: 89.63 | P16: =O16+M16 -> 100 | Q16: 0 | R16: 25 | S16: 50 | T16: 0 | U16: 25 | V16: 75 | W16: 0 | X16: 25 | Y16: 100 | Z16: 0 | AA16: 0 | AB16: 100 | AD16: #REF!
A17: 2.4.2. | B17: CALÇADA PERIMETRAL | C17: ='Planilha Estruturas'!J30 -> #VALUE! | D17: =C17/$C$40 -> #VALUE! | E17: =F17/100*$C17 -> #VALUE! | F17: 0 | G17: =F17 -> 0 | H17: =I17/100*$C17 -> #VALUE! | I17: 0 | J17: =I17+G17 -> 0 | K17: =L17/100*$C17 -> #VALUE! | L17: 10.37 | M17: =L17+J17 -> 10.37 | N17: =O17/100*$C17 -> #VALUE! | O17: 89.63 | P17: =O17+M17 -> 100 | Q17: 0 | R17: 25 | S17: 50 | T17: 0 | U17: 25 | V17: 75 | W17: 0 | X17: 25 | Y17: 100 | Z17: 0 | AA17: 0 | AB17: 100
A18: 2.5. | B18: ESQUADRIAS | Q18: 0 | R18: 25 | S18: 50 | T18: 0 | U18: 25 | V18: 75 | W18: 0 | X18: 25 | Y18: 100 | Z18: 0 | AA18: 0 | AB18: 100
A19: 2.5.1. | B19: METÁLICAS | C19: ='Planilha Estruturas'!J35 -> #VALUE! | D19: =C19/$C$40 -> #VALUE! | E19: =F19/100*$C19 -> #VALUE! | F19: 0 | G19: =F19 -> 0 | H19: =I19/100*$C19 -> #VALUE! | I19: 0 | J19: =I19+G19 -> 0 | K19: =L19/100*$C19 -> #VALUE! | L19: 0 | M19: =L19+J19 -> 0 | N19: =O19/100*$C19 -> #VALUE! | O19: 100 | P19: =O19+M19 -> 100
A20: 2.5.2. | B20: SERVIÇOS FINAIS | C20: ='Planilha Estruturas'!J38 -> #VALUE! | D20: =C20/$C$40 -> #VALUE! | E20: =F20/100*$C20 -> #VALUE! | F20: 0 | G20: =F20 -> 0 | H20: =I20/100*$C20 -> #VALUE! | I20: 0 | J20: =I20+G20 -> 0 | K20: =L20/100*$C20 -> #VALUE! | L20: 0 | M20: =L20+J20 -> 0 | N20: =O20/100*$C20 -> #VALUE! | O20: 100 | P20: =O20+M20 -> 100 | Q20: 0 | R20: 0 | S20: 100 | T20: 0 | U20: 0 | V20: 100 | W20: 0 | X20: 0 | Y20: 100 | Z20: 0 | AA20: 0 | AB20: 100
A21: B | B21: Instalações Hidraulicas, Elétricas, Sanitárias e Serviços Complementares | C21: =SUM(C22:C39) -> #VALUE! | D21: =C21/$C$40 -> #VALUE! | Q21: 0 | R21: 0 | S21: 100 | T21: 0 | U21: 0 | V21: 100 | W21: 0 | X21: 0 | Y21: 100 | Z21: 0 | AA21: 0 | AB21: 100
A22: 1. | B22: INSTALAÇÕES HIDRAULICAS | Q22: 0 | R22: 10 | S22: 100 | T22: 0 | U22: 0 | V22: 100 | W22: 0 | X22: 0 | Y22: 100 | Z22: 0 | AA22: 0 | AB22: 100
A23: 1.1. | B23: ENTRADA DE ÁGUA | C23: ='Planilha Instalações'!J11 -> #VALUE! | D23: =C23/$C$40 -> #VALUE! | E23: =F23/100*$C23 -> #VALUE! | F23: 100 | G23: =F23 -> 100 | H23: =I23/100*$C23 -> #VALUE! | I23: 0 | J23: =I23+G23 -> 100 | K23: =L23/100*$C23 -> #VALUE! | L23: 0 | M23: =L23+J23 -> 100 | N23: =O23/100*$C23 -> #VALUE! | O23: 0 | P23: =O23+M23 -> 100 | Q23: 0 | R23: 0 | S23: 0 | T23: 0 | U23: 20 | V23: 20 | W23: 0 | X23: 30 | Y23: 50 | Z23: 0 | AA23: 50 | AB23: 100
A24: 1.2. | B24: REDE DE ÁGUA FRIA | C24: ='Planilha Instalações'!J14 -> #VALUE! | D24: =C24/$C$40 -> #VALUE! | E24: =F24/100*$C24 -> #VALUE! | F24: 100 | G24: =F24 -> 100 | H24: =I24/100*$C24 -> #VALUE! | I24: 0 | J24: =I24+G24 -> 100 | K24: =L24/100*$C24 -> #VALUE! | L24: 0 | M24: =L24+J24 -> 100 | N24: =O24/100*$C24 -> #VALUE! | O24: 0 | P24: =O24+M24 -> 100 | Q24: 0 | R24: 20 | S24: 80 | T24: 0 | U24: 20 | V24: 100 | W24: 0 | X24: 0 | Y24: 100 | Z24: 0 | AA24: 0 | AB24: 100
A25: 1.3. | B25: REDE DE AGUA PARA EDIFÍCIO AUXILIAR | C25: ='Planilha Instalações'!J24 -> #VALUE! | D25: =C25/$C$40 -> #VALUE! | E25: =F25/100*$C25 -> #VALUE! | F25: 100 | G25: =F25 -> 100 | H25: =I25/100*$C25 -> #VALUE! | I25: 0 | J25: =I25+G25 -> 100 | K25: =L25/100*$C25 -> #VALUE! | L25: 0 | M25: =L25+J25 -> 100 | N25: =O25/100*$C25 -> #VALUE! | O25: 0 | P25: =O25+M25 -> 100 | Q25: 0 | R25: 0 | S25: 0 | T25: 0 | U25: 20 | V25: 20 | W25: 0 | X25: 30 | Y25: 50 | Z25: 0 | AA25: 50 | AB25: 100
A26: 1.4. | B26: REDE DE ESGOTO | C26: ='Planilha Instalações'!J30 -> #VALUE! | D26: =C26/$C$40 -> #VALUE! | E26: =F26/100*$C26 -> #VALUE! | F26: 0 | G26: =F26 -> 0 | H26: =I26/100*$C26 -> #VALUE! | I26: 100 | J26: =I26+G26 -> 100 | K26: =L26/100*$C26 -> #VALUE! | L26: 0 | M26: =L26+J26 -> 100 | N26: =O26/100*$C26 -> #VALUE! | O26: 0 | P26: =O26+M26 -> 100
A27: 1.5. | B27: REDE PLUVIAL | C27: ='Planilha Instalações'!J37 -> #VALUE! | D27: =C27/$C$40 -> #VALUE! | E27: =F27/100*$C27 -> #VALUE! | F27: 0 | G27: =F27 -> 0 | H27: =I27/100*$C27 -> #VALUE! | I27: 44.48 | J27: =I27+G27 -> 44.48 | K27: =L27/100*$C27 -> #VALUE! | L27: 55.52 | M27: =L27+J27 -> 100 | N27: =O27/100*$C27 -> #VALUE! | O27: 0 | P27: =O27+M27 -> 100 | Q27: 0 | R27: 0 | S27: 100 | T27: 0 | U27: 0 | V27: 100 | W27: 0 | X27: 0 | Y27: 100 | Z27: 0 | AA27: 0 | AB27: 100
A28: 1.6. | B28: SERVIÇOS COMPLEMENTARES | C28: ='Planilha Instalações'!J45 -> #VALUE! | D28: =C28/$C$40 -> #VALUE! | E28: =F28/100*$C28 -> #VALUE! | F28: 0 | G28: =F28 -> 0 | H28: =I28/100*$C28 -> #VALUE! | I28: 64.97 | J28: =I28+G28 -> 64.97 | K28: =L28/100*$C28 -> #VALUE! | L28: 35.03 | M28: =L28+J28 -> 100 | N28: =O28/100*$C28 -> #VALUE! | O28: 0 | P28: =O28+M28 -> 100 | Q28: 0 | R28: 0 | S28: 100 | T28: 0 | U28: 0 | V28: 100 | W28: 0 | X28: 0 | Y28: 100 | Z28: 0 | AA28: 0 | AB28: 100
A29: 2. | B29: INSTALAÇÕES ELÉTRICAS
A30: 2.1. | B30: ENTRADA PADRÃO | C30: ='Planilha Instalações'!J50 -> #VALUE! | D30: =C30/$C$40 -> #VALUE! | E30: =F30/100*$C30 -> #VALUE! | F30: 0 | G30: =F30 -> 0 | H30: =I30/100*$C30 -> #VALUE! | I30: 100 | J30: =I30+G30 -> 100 | K30: =L30/100*$C30 -> #VALUE! | L30: 0 | M30: =L30+J30 -> 100 | N30: =O30/100*$C30 -> #VALUE! | O30: 0 | P30: =O30+M30 -> 100 | Q30: 0 | R30: 20 | S30: 20 | T30: 0 | U30: 20 | V30: 40 | W30: 0 | X30: 20 | Y30: 60 | Z30: 0 | AA30: 40 | AB30: 100
A31: 2.2. | B31: TUBULAÇÕES | C31: ='Planilha Instalações'!J60 -> #VALUE! | D31: =C31/$C$40 -> #VALUE! | E31: =F31/100*$C31 -> #VALUE! | F31: 0 | G31: =F31 -> 0 | H31: =I31/100*$C31 -> #VALUE! | I31: 0 | J31: =I31+G31 -> 0 | K31: =L31/100*$C31 -> #VALUE! | L31: 100 | M31: =L31+J31 -> 100 | N31: =O31/100*$C31 -> #VALUE! | O31: 0 | P31: =O31+M31 -> 100 | Q31: 0 | R31: 20 | S31: 20 | T31: 0 | U31: 20 | V31: 40 | W31: 0 | X31: 20 | Y31: 60 | Z31: 0 | AA31: 40 | AB31: 100 | AD31: #REF!
A32: 2.3. | B32: FIAÇÃO | C32: ='Planilha Instalações'!J66 -> #VALUE! | D32: =C32/$C$40 -> #VALUE! | E32: =F32/100*$C32 -> #VALUE! | F32: 0 | G32: =F32 -> 0 | H32: =I32/100*$C32 -> #VALUE! | I32: 0 | J32: =I32+G32 -> 0 | K32: =L32/100*$C32 -> #VALUE! | L32: 100 | M32: =L32+J32 -> 100 | N32: =O32/100*$C32 -> #VALUE! | O32: 0 | P32: =O32+M32 -> 100 | Q32: 0 | R32: 20 | S32: 20 | T32: 0 | U32: 20 | V32: 40 | W32: 0 | X32: 20 | Y32: 60 | Z32: 0 | AA32: 40 | AB32: 100 | AD32: #REF!
A33: 2.4. | B33: QUADROS e DISJUNTORES | C33: ='Planilha Instalações'!J69 -> #VALUE! | D33: =C33/$C$40 -> #VALUE! | E33: =F33/100*$C33 -> #VALUE! | F33: 0 | G33: =F33 -> 0 | H33: =I33/100*$C33 -> #VALUE! | I33: 0 | J33: =I33+G33 -> 0 | K33: =L33/100*$C33 -> #VALUE! | L33: 100 | M33: =L33+J33 -> 100 | N33: =O33/100*$C33 -> #VALUE! | O33: 0 | P33: =O33+M33 -> 100 | Q33: 0 | R33: 20 | S33: 20 | T33: 0 | U33: 20 | V33: 40 | W33: 0 | X33: 20 | Y33: 60 | Z33: 0 | AA33: 40 | AB33: 100
A34: 2.5. | B34: TOMADAS | C34: ='Planilha Instalações'!J75 -> #VALUE! | D34: =C34/$C$40 -> #VALUE! | E34: =F34/100*$C34 -> #VALUE! | F34: 0 | G34: =F34 -> 0 | H34: =I34/100*$C34 -> #VALUE! | I34: 0 | J34: =I34+G34 -> 0 | K34: =L34/100*$C34 -> #VALUE! | L34: 100 | M34: =L34+J34 -> 100 | N34: =O34/100*$C34 -> #VALUE! | O34: 0 | P34: =O34+M34 -> 100
A35: 2.6. | B35: LUMINÁRIAS | C35: ='Planilha Instalações'!J79 -> #VALUE! | D35: =C35/$C$40 -> #VALUE! | E35: =F35/100*$C35 -> #VALUE! | F35: 0 | G35: =F35 -> 0 | H35: =I35/100*$C35 -> #VALUE! | I35: 0 | J35: =I35+G35 -> 0 | K35: =L35/100*$C35 -> #VALUE! | L35: 0 | M35: =L35+J35 -> 0 | N35: =O35/100*$C35 -> #VALUE! | O35: 100 | P35: =O35+M35 -> 100 | Q35: 0 | R35: 20 | S35: 100 | T35: 0 | U35: 0 | V35: 100 | W35: 0 | X35: 0 | Y35: 100 | Z35: 0 | AA35: 0 | AB35: 100 | AD35: #REF!
A36: 3. | B36: BOMBEIROS | Q36: 0 | R36: 0 | S36: 0 | T36: 0 | U36: 20 | V36: 20 | W36: 0 | X36: 30 | Y36: 50 | Z36: 0 | AA36: 50 | AB36: 100
A37: 3.1. | B37: REDE DE EXTINTORES | C37: ='Planilha Instalações'!J84 -> #VALUE! | D37: =C37/$C$40 -> #VALUE! | E37: =F37/100*$C37 -> #VALUE! | F37: 0 | G37: =F37 -> 0 | H37: =I37/100*$C37 -> #VALUE! | I37: 0 | J37: =I37+G37 -> 0 | K37: =L37/100*$C37 -> #VALUE! | L37: 100 | M37: =L37+J37 -> 100 | N37: =O37/100*$C37 -> #VALUE! | O37: 0 | P37: =O37+M37 -> 100 | Q37: 0 | R37: 0 | S37: 0 | T37: 0 | U37: 20 | V37: 20 | W37: 0 | X37: 30 | Y37: 50 | Z37: 0 | AA37: 50 | AB37: 100
A38: 4. | B38: CANTEIRO DE OBRAS E SERVIÇOS COMPLEMENTARES | Q38: 0 | R38: 0 | S38: 0 | T38: 0 | U38: 0 | V38: 0 | W38: 0 | X38: 0 | Y38: 0 | Z38: 0 | AA38: 100 | AB38: 100
A39: 4.1. | B39: CANTEIRO | C39: ='Planilha Instalações'!J89 -> #VALUE! | D39: =C39/$C$40 -> #VALUE! | E39: =F39/100*$C39 -> #VALUE! | F39: 100 | G39: =F39 -> 100 | H39: =I39/100*$C39 -> #VALUE! | I39: 0 | J39: =I39+G39 -> 100 | K39: =L39/100*$C39 -> #VALUE! | L39: 0 | M39: =L39+J39 -> 100 | N39: =O39/100*$C39 -> #VALUE! | O39: 0 | P39: =O39+M39 -> 100 | Q39: 0 | R39: 0 | S39: 100 | T39: 0 | U39: 0 | V39: 100 | W39: 0 | X39: 0 | Y39: 100 | Z39: 0 | AA39: 0 | AB39: 100
A40: TOTAIS | B40: ORÇAMENTO | C40: =SUM(C7:C39)/2 -> #VALUE! | D40: =SUM(D22:D39)+SUM(D8:D20) -> #VALUE!
B41: % EXECUTADO NO PERÍODO | E41: =E43/$C$40 -> #VALUE! | H41: =H43/$C$40 -> #VALUE! | K41: =K43/$C$40 -> #VALUE! | N41: =N43/$C$40 -> #VALUE! | Q41: #DIV/0! | T41: #DIV/0! | W41: #DIV/0! | Z41: #DIV/0!
B42: % ACUMULADO NO PERÍODO | E42: =E41 -> #VALUE! | H42: =H41+E42 -> #VALUE! | K42: =K41+H42 -> #VALUE! | N42: =N41+K42 -> #VALUE! | Q42: #DIV/0! | T42: #DIV/0! | W42: #DIV/0! | Z42: #DIV/0!
B43: VALOR (R$) EXECUTADO NO PERÍODO | E43: =SUM(E7:E39) -> #VALUE! | H43: =SUM(H7:H39) -> #VALUE! | K43: =SUM(K7:K39) -> #VALUE! | N43: =SUM(N7:N39) -> #VALUE! | Q43: 0 | T43: 0 | W43: 0 | Z43: 0
B44: VALOR (R$) ACUMULADO NO PERÍODO | E44: =E43 -> #VALUE! | H44: =H43+E44 -> #VALUE! | K44: =K43+H44 -> #VALUE! | N44: =N43+K44 -> #VALUE! | Q44: 0 | T44: 0 | W44: 0 | Z44: 0
B46: ______________________________________
B47: ALISON FERNANDO SILVA TOLEDO
B48: CREA/CAU: 5070281266
B49: ART/RRT: 2620261159984
F186: 111
F187: 66
F203: 40.2

Sheet BDI padrão
B2: Quadro de Composição do BDI - BDI 1
B5: Selecione na célula abaixo o tipo de obra do empreendimento:
B6: Construção e Reforma de Edifícios
B8: Conforme legislação tributária municipal, definir estimativa de percentual da base de cálculo para o ISS: | G8: 0.5
B9: Sobre a base de cálculo, definir a respectiva alíquota do ISS (entre 2% e 5%): | G9: 0.05
B12: Itens | C12: Siglas | D12: Preencher percentuais das parcelas do BDI | E12: Situação intervalo admissível | F12: 1º Quartil | G12: Médio | H12: 3º Quartil
B13: Administração Central | C13: AC | D13: 0.03 | E13: - | F13: =VLOOKUP(CONCATENATE($B$6,"-",$C13),$D$29:$H$70,3,FALSE) -> 0.03 | G13: =VLOOKUP(CONCATENATE($B$6,"-",$C13),$D$29:$H$70,4,FALSE) -> 0.04 | H13: =VLOOKUP(CONCATENATE($B$6,"-",$C13),$D$29:$H$70,5,FALSE) -> 0.055
B14: Seguro e Garantia | C14: SG | D14: 0.01 | E14: - | F14: =VLOOKUP(CONCATENATE($B$6,"-",$C14),$D$29:$H$70,3,FALSE) -> 0.008 | G14: =VLOOKUP(CONCATENATE($B$6,"-",$C14),$D$29:$H$70,4,FALSE) -> 0.008 | H14: =VLOOKUP(CONCATENATE($B$6,"-",$C14),$D$29:$H$70,5,FALSE) -> 0.01
B15: Risco | C15: R | D15: 0.01 | E15: - | F15: =VLOOKUP(CONCATENATE($B$6,"-",$C15),$D$29:$H$70,3,FALSE) -> 0.0097 | G15: =VLOOKUP(CONCATENATE($B$6,"-",$C15),$D$29:$H$70,4,FALSE) -> 0.0127 | H15: =VLOOKUP(CONCATENATE($B$6,"-",$C15),$D$29:$H$70,5,FALSE) -> 0.0127
B16: Despesas Financeiras | C16: DF | D16: 0.01 | E16: - | F16: =VLOOKUP(CONCATENATE($B$6,"-",$C16),$D$29:$H$70,3,FALSE) -> 0.0059 | G16: =VLOOKUP(CONCATENATE($B$6,"-",$C16),$D$29:$H$70,4,FALSE) -> 0.0123 | H16: =VLOOKUP(CONCATENATE($B$6,"-",$C16),$D$29:$H$70,5,FALSE) -> 0.0139
B17: Lucro | C17: L | D17: 0.08 | E17: - | F17: =VLOOKUP(CONCATENATE($B$6,"-",$C17),$D$29:$H$70,3,FALSE) -> 0.0616 | G17: =VLOOKUP(CONCATENATE($B$6,"-",$C17),$D$29:$H$70,4,FALSE) -> 0.074 | H17: =VLOOKUP(CONCATENATE($B$6,"-",$C17),$D$29:$H$70,5,FALSE) -> 0.0896
B18: Tributos (impostos COFINS 3%, e PIS 0,65%) | C18: CP | D18: 0.0365 | E18: =IF(AND(D18>=F18, D18<=H18), "OK", "Não OK") -> OK | F18: 0.0365 | G18: 0.0365 | H18: 0.0365
B19: Tributos (ISS, variável de acordo com o município) | C19: ISS | D19: =G9*G8 -> 0.025 | E19: =IF(AND(D19>=F19, D19<=H19), "OK", "Não OK") -> OK | F19: 0 | G19: 0.025 | H19: 0.05
B20: Tributos (Contribuição Previdenciária - 0% ou 4,5%, conforme Lei 13.161/2015 - Desoneração) | C20: CPRB | D20: 0 | E20: =IF(AND(D20>=F20, D20<=H20), "OK", "Não OK") -> OK | F20: 0 | G20: 0.02 | H20: 0.045
B21: Fórmula de BDI adotado conforme Acórdão TCU | C21: BDI PAD | D21: =ROUND((((1+D13+D14+D15)*(1+D16)*(1+D17)/(1-(D18+D19)))-1),4) -> 0.2204 | E21: =IF(AND(D21>=F21, D21<=H21), "OK", "Não OK") -> OK | F21: =VLOOKUP(CONCATENATE($B$6,"-",$C21),$D$29:$H$70,3,FALSE) -> 0.2034 | G21: =VLOOKUP(CONCATENATE($B$6,"-",$C21),$D$29:$H$70,4,FALSE) -> 0.2212 | H21: =VLOOKUP(CONCATENATE($B$6,"-",$C21),$D$29:$H$70,5,FALSE) -> 0.25
B22: BDI SINAPI NÃO DESONERADO (A ser aplicado na Planilha Orçamentária) | C22: BDI NÃO DES | D22: =ROUND((((1+D13+D14+D15)*(1+D16)*(1+D17)/(1-(D18+D19+D20)))-1),4) -> 0.2204 | E22: =IF(COUNTIF($E$13:$E$21,"NÃO OK")>0,"NÃO OK","OK") -> OK
B24: Os valores de BDI foram calculados com o emprego da fórmula abaixo:
B26: =CONCATENATE("Declaro para os devidos fins que, conforme legislação tributária municipal, a base de cálculo para ",B6,", é de ",G8*100,"%, com a respectiva alíquota de ",G9*100,"%.") -> Declaro para os devidos fins que, conforme legislação tributária municipal, a base de cálculo para Construção e Reforma de Edifícios, é de 50%, com a respectiva alíquota de 5%.
B27: =CONCATENATE("Declaro para os devidos fins que para o cálculo deste BDI, optamos pelo Orçamento ",IF($D$20=4.5%,"COM","SEM")," DESONERAÇÃO, e que esta alternativa é a mais adequada para a Administração Pública.") -> Declaro para os devidos fins que para o cálculo deste BDI, optamos pelo Orçamento SEM DESONERAÇÃO, e que esta alternativa é a mais adequada para a Administração Pública.
F28: MIN | G28: MED | H28: MAX
B29: Construção e Reforma de Edifícios | C29: AC | D29: =CONCATENATE(B29,"-",C29) -> Construção e Reforma de Edifícios-AC | F29: 0.03 | G29: 0.04 | H29: 0.055
B30: =B29 -> Construção e Reforma de Edifícios | C30: SG | D30: =CONCATENATE(B30,"-",C30) -> Construção e Reforma de Edifícios-SG | F30: 0.008 | G30: 0.008 | H30: 0.01
B31: =B30 -> Construção e Reforma de Edifícios | C31: R | D31: =CONCATENATE(B31,"-",C31) -> Construção e Reforma de Edifícios-R | F31: 0.0097 | G31: 0.0127 | H31: 0.0127
B32: =B31 -> Construção e Reforma de Edifícios | C32: DF | D32: =CONCATENATE(B32,"-",C32) -> Construção e Reforma de Edifícios-DF | F32: 0.0059 | G32: 0.0123 | H32: 0.0139
B33: =B32 -> Construção e Reforma de Edifícios | C33: L | D33: =CONCATENATE(B33,"-",C33) -> Construção e Reforma de Edifícios-L | F33: 0.0616 | G33: 0.074 | H33: 0.0896
B34: =B33 -> Construção e Reforma de Edifícios | C34: BDI PAD | D34: =CONCATENATE(B34,"-",C34) -> Construção e Reforma de Edifícios-BDI PAD | F34: 0.2034 | G34: 0.2212 | H34: 0.25
B35: Construção de Praças Urbanas, Rodovias, Ferrovias e recapeamento e pavimentação de vias urbanas | C35: AC | D35: =CONCATENATE(B35,"-",C35) -> Construção de Praças Urbanas, Rodovias, Ferrovias e recapeamento e pavimentação de vias urbanas-AC | F35: 0.038 | G35: 0.0401 | H35: 0.0467
B36: Construção de Praças Urbanas, Rodovias, Ferrovias e recapeamento e pavimentação de vias urbanas | C36: SG | D36: =CONCATENATE(B36,"-",C36) -> Construção de Praças Urbanas, Rodovias, Ferrovias e recapeamento e pavimentação de vias urbanas-SG | F36: 0.0032 | G36: 0.004 | H36: 0.0074
B37: Construção de Praças Urbanas, Rodovias, Ferrovias e recapeamento e pavimentação de vias urbanas | C37: R | D37: =CONCATENATE(B37,"-",C37) -> Construção de Praças Urbanas, Rodovias, Ferrovias e recapeamento e pavimentação de vias urbanas-R | F37: 0.005 | G37: 0.0056 | H37: 0.0097
B38: Construção de Praças Urbanas, Rodovias, Ferrovias e recapeamento e pavimentação de vias urbanas | C38: DF | D38: =CONCATENATE(B38,"-",C38) -> Construção de Praças Urbanas, Rodovias, Ferrovias e recapeamento e pavimentação de vias urbanas-DF | F38: 0.0102 | G38: 0.0111 | H38: 0.0121
B39: Construção de Praças Urbanas, Rodovias, Ferrovias e recapeamento e pavimentação de vias urbanas | C39: L | D39: =CONCATENATE(B39,"-",C39) -> Construção de Praças Urbanas, Rodovias, Ferrovias e recapeamento e pavimentação de vias urbanas-L | F39: 0.0664 | G39: 0.073 | H39: 0.0869
B40: Construção de Praças Urbanas, Rodovias, Ferrovias e recapeamento e pavimentação de vias urbanas | C40: BDI PAD | D40: =CONCATENATE(B40,"-",C40) -> Construção de Praças Urbanas, Rodovias, Ferrovias e recapeamento e pavimentação de vias urbanas-BDI PAD | F40: 0.196 | G40: 0.2097 | H40: 0.2423
B41: Construção de Redes de Abastecimento de Água, Coleta de Esgoto | C41: AC | D41: =CONCATENATE(B41,"-",C41) -> Construção de Redes de Abastecimento de Água, Coleta de Esgoto-AC | F41: 0.0343 | G41: 0.0493 | H41: 0.0671
B42: =B41 -> Construção de Redes de Abastecimento de Água, Coleta de Esgoto | C42: SG | D42: =CONCATENATE(B42,"-",C42) -> Construção de Redes de Abastecimento de Água, Coleta de Esgoto-SG | F42: 0.0028 | G42: 0.0049 | H42: 0.0075
B43: =B42 -> Construção de Redes de Abastecimento de Água, Coleta de Esgoto | C43: R | D43: =CONCATENATE(B43,"-",C43) -> Construção de Redes de Abastecimento de Água, Coleta de Esgoto-R | F43: 0.01 | G43: 0.0139 | H43: 0.0174
B44: =B43 -> Construção de Redes de Abastecimento de Água, Coleta de Esgoto | C44: DF | D44: =CONCATENATE(B44,"-",C44) -> Construção de Redes de Abastecimento de Água, Coleta de Esgoto-DF | F44: 0.0094 | G44: 0.0099 | H44: 0.0117
B45: =B44 -> Construção de Redes de Abastecimento de Água, Coleta de Esgoto | C45: L | D45: =CONCATENATE(B45,"-",C45) -> Construção de Redes de Abastecimento de Água, Coleta de Esgoto-L | F45: 0.0674 | G45: 0.0804 | H45: 0.094
B46: =B45 -> Construção de Redes de Abastecimento de Água, Coleta de Esgoto | C46: BDI PAD | D46: =CONCATENATE(B46,"-",C46) -> Construção de Redes de Abastecimento de Água, Coleta de Esgoto-BDI PAD | F46: 0.2076 | G46: 0.2418 | H46: 0.2644
B47: Construção e Manutenção de Estações e Redes de Distribuição de Energia Elétrica | C47: AC | D47: =CONCATENATE(B47,"-",C47) -> Construção e Manutenção de Estações e Redes de Distribuição de Energia Elétrica-AC | F47: 0.0529 | G47: 0.0592 | H47: 0.0793
B48: =B47 -> Construção e Manutenção de Estações e Redes de Distribuição de Energia Elétrica | C48: SG | D48: =CONCATENATE(B48,"-",C48) -> Construção e Manutenção de Estações e Redes de Distribuição de Energia Elétrica-SG | F48: 0.0025 | G48: 0.0051 | H48: 0.0056
B49: =B48 -> Construção e Manutenção de Estações e Redes de Distribuição de Energia Elétrica | C49: R | D49: =CONCATENATE(B49,"-",C49) -> Construção e Manutenção de Estações e Redes de Distribuição de Energia Elétrica-R | F49: 0.01 | G49: 0.0148 | H49: 0.0197
B50: =B49 -> Construção e Manutenção de Estações e Redes de Distribuição de Energia Elétrica | C50: DF | D50: =CONCATENATE(B50,"-",C50) -> Construção e Manutenção de Estações e Redes de Distribuição de Energia Elétrica-DF | F50: 0.0101 | G50: 0.0107 | H50: 0.0111
B51: =B50 -> Construção e Manutenção de Estações e Redes de Distribuição de Energia Elétrica | C51: L | D51: =CONCATENATE(B51,"-",C51) -> Construção e Manutenção de Estações e Redes de Distribuição de Energia Elétrica-L | F51: 0.08 | G51: 0.0831 | H51: 0.0951
B52: =B51 -> Construção e Manutenção de Estações e Redes de Distribuição de Energia Elétrica | C52: BDI PAD | D52: =CONCATENATE(B52,"-",C52) -> Construção e Manutenção de Estações e Redes de Distribuição de Energia Elétrica-BDI PAD | F52: 0.24 | G52: 0.2584 | H52: 0.2786
B53: Obras Portuárias, Marítimas e Fluviais | C53: AC | D53: =CONCATENATE(B53,"-",C53) -> Obras Portuárias, Marítimas e Fluviais-AC | F53: 0.04 | G53: 0.0552 | H53: 0.0785
B54: =B53 -> Obras Portuárias, Marítimas e Fluviais | C54: SG | D54: =CONCATENATE(B54,"-",C54) -> Obras Portuárias, Marítimas e Fluviais-SG | F54: 0.0081 | G54: 0.0122 | H54: 0.0199
B55: =B54 -> Obras Portuárias, Marítimas e Fluviais | C55: R | D55: =CONCATENATE(B55,"-",C55) -> Obras Portuárias, Marítimas e Fluviais-R | F55: 0.0146 | G55: 0.0232 | H55: 0.0316
B56: =B55 -> Obras Portuárias, Marítimas e Fluviais | C56: DF | D56: =CONCATENATE(B56,"-",C56) -> Obras Portuárias, Marítimas e Fluviais-DF | F56: 0.0094 | G56: 0.0102 | H56: 0.0133
B57: =B56 -> Obras Portuárias, Marítimas e Fluviais | C57: L | D57: =CONCATENATE(B57,"-",C57) -> Obras Portuárias, Marítimas e Fluviais-L | F57: 0.0714 | G57: 0.084 | H57: 0.1043
B58: =B57 -> Obras Portuárias, Marítimas e Fluviais | C58: BDI PAD | D58: =CONCATENATE(B58,"-",C58) -> Obras Portuárias, Marítimas e Fluviais-BDI PAD | F58: 0.228 | G58: 0.2748 | H58: 0.3095
B59: Fornecimento de Materiais e Equipamentos | C59: AC | D59: =CONCATENATE(B59,"-",C59) -> Fornecimento de Materiais e Equipamentos-AC | F59: 0.015 | G59: 0.0345 | H59: 0.0449
B60: =B59 -> Fornecimento de Materiais e Equipamentos | C60: SG | D60: =CONCATENATE(B60,"-",C60) -> Fornecimento de Materiais e Equipamentos-SG | F60: 0.003 | G60: 0.0048 | H60: 0.0082
B61: =B60 -> Fornecimento de Materiais e Equipamentos | C61: R | D61: =CONCATENATE(B61,"-",C61) -> Fornecimento de Materiais e Equipamentos-R | F61: 0.0056 | G61: 0.0085 | H61: 0.0089
B62: =B61 -> Fornecimento de Materiais e Equipamentos | C62: DF | D62: =CONCATENATE(B62,"-",C62) -> Fornecimento de Materiais e Equipamentos-DF | F62: 0.0085 | G62: 0.0085 | H62: 0.0111
B63: =B62 -> Fornecimento de Materiais e Equipamentos | C63: L | D63: =CONCATENATE(B63,"-",C63) -> Fornecimento de Materiais e Equipamentos-L | F63: 0.035 | G63: 0.0511 | H63: 0.0622
B64: =B63 -> Fornecimento de Materiais e Equipamentos | C64: BDI PAD | D64: =CONCATENATE(B64,"-",C64) -> Fornecimento de Materiais e Equipamentos-BDI PAD | F64: 0.111 | G64: 0.1402 | H64: 0.168
B65: Estudos e Projetos, Planos e Gerenciamento e outros correlatos | C65: AC | D65: =CONCATENATE(B65,"-",C65) -> Estudos e Projetos, Planos e Gerenciamento e outros correlatos-AC | F65: 0 | G65: - | H65: -
B66: =B65 -> Estudos e Projetos, Planos e Gerenciamento e outros correlatos | C66: SG | D66: =CONCATENATE(B66,"-",C66) -> Estudos e Projetos, Planos e Gerenciamento e outros correlatos-SG | F66: 0 | G66: - | H66: -
B67: =B66 -> Estudos e Projetos, Planos e Gerenciamento e outros correlatos | C67: R | D67: =CONCATENATE(B67,"-",C67) -> Estudos e Projetos, Planos e Gerenciamento e outros correlatos-R | F67: 0 | G67: - | H67: -
B68: =B67 -> Estudos e Projetos, Planos e Gerenciamento e outros correlatos | C68: DF | D68: =CONCATENATE(B68,"-",C68) -> Estudos e Projetos, Planos e Gerenciamento e outros correlatos-DF | F68: 0 | G68: - | H68: -
B69: =B68 -> Estudos e Projetos, Planos e Gerenciamento e outros correlatos | C69: L | D69: =CONCATENATE(B69,"-",C69) -> Estudos e Projetos, Planos e Gerenciamento e outros correlatos-L | F69: 0 | G69: - | H69: -
B70: =B69 -> Estudos e Projetos, Planos e Gerenciamento e outros correlatos | C70: BDI PAD | D70: =CONCATENATE(B70,"-",C70) -> Estudos e Projetos, Planos e Gerenciamento e outros correlatos-BDI PAD | F70: 0.2 | G70: 0.25 | H70: 0.3
B73: Construção e Reforma de Edifícios
B74: Construção de Praças Urbanas, Rodovias, Ferrovias e recapeamento e pavimentação de vias urbanas
B75: Construção de Redes de Abastecimento de Água, Coleta de Esgoto
B76: Construção e Manutenção de Estações e Redes de Distribuição de Energia Elétrica
B77: Obras Portuárias, Marítimas e Fluviais
B78: Fornecimento de Materiais e Equipamentos
B79: Estudos e Projetos, Planos e Gerenciamento e outros correlatos
B85: Quadro de Composição do BDI - BDI 2
B88: Selecione na célula abaixo o tipo de obra do empreendimento:
B89: Construção e Reforma de Edifícios
B91: Conforme legislação tributária municipal, definir estimativa de percentual da base de cálculo para o ISS: | G91: 0.5
B92: Sobre a base de cálculo, definir a respectiva alíquota do ISS (entre 2% e 5%): | G92: 0.05
B95: Itens | C95: Siglas | D95: Preencher percentuais das parcelas do BDI | E95: Situação intervalo admissível | F95: 1º Quartil | G95: Médio | H95: 3º Quartil
B96: Administração Central | C96: AC | D96: 0 | E96: - | F96: =VLOOKUP(CONCATENATE($B$6,"-",$C96),$D$29:$H$70,3,FALSE) -> 0.03 | G96: =VLOOKUP(CONCATENATE($B$6,"-",$C96),$D$29:$H$70,4,FALSE) -> 0.04 | H96: =VLOOKUP(CONCATENATE($B$6,"-",$C96),$D$29:$H$70,5,FALSE) -> 0.055
B97: Seguro e Garantia | C97: SG | D97: 0 | E97: - | F97: =VLOOKUP(CONCATENATE($B$6,"-",$C97),$D$29:$H$70,3,FALSE) -> 0.008 | G97: =VLOOKUP(CONCATENATE($B$6,"-",$C97),$D$29:$H$70,4,FALSE) -> 0.008 | H97: =VLOOKUP(CONCATENATE($B$6,"-",$C97),$D$29:$H$70,5,FALSE) -> 0.01
B98: Risco | C98: R | D98: 0 | E98: - | F98: =VLOOKUP(CONCATENATE($B$6,"-",$C98),$D$29:$H$70,3,FALSE) -> 0.0097 | G98: =VLOOKUP(CONCATENATE($B$6,"-",$C98),$D$29:$H$70,4,FALSE) -> 0.0127 | H98: =VLOOKUP(CONCATENATE($B$6,"-",$C98),$D$29:$H$70,5,FALSE) -> 0.0127
B99: Despesas Financeiras | C99: DF | D99: 0.02 | E99: - | F99: =VLOOKUP(CONCATENATE($B$6,"-",$C99),$D$29:$H$70,3,FALSE) -> 0.0059 | G99: =VLOOKUP(CONCATENATE($B$6,"-",$C99),$D$29:$H$70,4,FALSE) -> 0.0123 | H99: =VLOOKUP(CONCATENATE($B$6,"-",$C99),$D$29:$H$70,5,FALSE) -> 0.0139
B100: Lucro | C100: L | D100: 0.04 | E100: - | F100: =VLOOKUP(CONCATENATE($B$6,"-",$C100),$D$29:$H$70,3,FALSE) -> 0.0616 | G100: =VLOOKUP(CONCATENATE($B$6,"-",$C100),$D$29:$H$70,4,FALSE) -> 0.074 | H100: =VLOOKUP(CONCATENATE($B$6,"-",$C100),$D$29:$H$70,5,FALSE) -> 0.0896
B101: Tributos (impostos COFINS 3%, e PIS 0,65%) | C101: CP | D101: 0.0365 | E101: =IF(AND(D101>=F101, D101<=H101), "OK", "Não OK") -> OK | F101: 0.0365 | G101: 0.0365 | H101: 0.0365
B102: Tributos (ISS, variável de acordo com o município) | C102: ISS | D102: =G92*G91 -> 0.025 | E102: =IF(AND(D102>=F102, D102<=H102), "OK", "Não OK") -> OK | F102: 0 | G102: 0.025 | H102: 0.05
B103: Tributos (Contribuição Previdenciária - 0% ou 4,5%, conforme Lei 13.161/2015 - Desoneração) | C103: CPRB | D103: 0 | E103: =IF(AND(D103>=F103, D103<=H103), "OK", "Não OK") -> OK | F103: 0 | G103: 0.02 | H103: 0.045
B104: Fórmula de BDI adotado conforme Acórdão TCU | C104: BDI PAD | D104: =ROUND((((1+D96+D97+D98)*(1+D99)*(1+D100)/(1-(D101+D102)))-1),4) -> 0.1303 | E104: =IF(AND(D104>=F104, D104<=H104), "OK", "Não OK") -> Não OK | F104: =VLOOKUP(CONCATENATE($B$6,"-",$C104),$D$29:$H$70,3,FALSE) -> 0.2034 | G104: =VLOOKUP(CONCATENATE($B$6,"-",$C104),$D$29:$H$70,4,FALSE) -> 0.2212 | H104: =VLOOKUP(CONCATENATE($B$6,"-",$C104),$D$29:$H$70,5,FALSE) -> 0.25
B105: BDI SINAPI NÃO DESONERADO (A ser aplicado na Planilha Orçamentária) | C105: BDI NÃO DES | D105: =ROUND((((1+D96+D97+D98)*(1+D99)*(1+D100)/(1-(D101+D102+D103)))-1),4) -> 0.1303 | E105: =IF(COUNTIF($E$13:$E$21,"NÃO OK")>0,"NÃO OK","OK") -> OK
B107: Os valores de BDI foram calculados com o emprego da fórmula abaixo:
B109: =CONCATENATE("Declaro para os devidos fins que, conforme legislação tributária municipal, a base de cálculo para ",B89,", é de ",G91*100,"%, com a respectiva alíquota de ",G92*100,"%.") -> Declaro para os devidos fins que, conforme legislação tributária municipal, a base de cálculo para Construção e Reforma de Edifícios, é de 50%, com a respectiva alíquota de 5%.
B110: =CONCATENATE("Declaro para os devidos fins que para o cálculo deste BDI, optamos pelo Orçamento ",IF($D$20=4.5%,"COM","SEM")," DESONERAÇÃO, e que esta alternativa é a mais adequada para a Administração Pública.") -> Declaro para os devidos fins que para o cálculo deste BDI, optamos pelo Orçamento SEM DESONERAÇÃO, e que esta alternativa é a mais adequada para a Administração Pública.
F187: 111
F188: 66
F204: 40.2
